 Dungeon Crawl Stone Soup version 0.32-a0-931-g5a2cda0 (webtiles) character file.

Game seed: 11482706113915515862

15596378 TitleDDak the Conqueror (level 27, 273/273 HPs)
             Began as a Minotaur Fighter on Apr 13, 2024.
             Was the Champion of Okawaru.
             Escaped with the Orb
             ... and 15 runes!
             The game lasted 03:12:02 (100687 turns).

TitleDDak the Conqueror (Minotaur Fighter)        Turns: 100687, Time: 03:12:03

Health: 273/273    AC: 55    Str: 37    XL:     27
Magic:  39/39      EV: 29    Int: 11    God:    Okawaru [******]
Gold:   12555      SH: 27    Dex: 15    Spells: 26/26 levels left

rFire   + + +        X - +8 mithril axe "Arga" {speed, Will+}
rCold   + + +        r - +2 tower shield {AC+3}
rNeg    + + +        c - +12 gold dragon scales
rPois   ∞            L - +2 hat of the Other World {rF+ Str+2}
rElec   +            T - +1 cloak of Starlight {*Dazzle EV+4 Stlth--}
rCorr   .            o - +2 pair of gloves of Etzo {rF+ Regen+}
SInv    +            Z - +2 pair of boots {Fly}
Will    +++++        O - amulet of the Nice God {rF+ rN+ Will+ Regen+ Stlth+} Stlth
                     V - ring "Vusege" {rElec rPois Int+6 Dex+5 Slay+3}
HPRegen 2.25/turn    k - ring "Jouthan" {rC+ EV+5 SInv}
MPRegen 0.26/turn

%: no passive effects
@: death-form, flying
A: vile attack, torment immunity, no potions, horns 2, retaliatory headbutt
0: Orb of Zot
}: 15/15 runes: serpentine, barnacled, slimy, silver, golden, iron, obsidian,
icy, bone, abyssal, demonic, glowing, magical, fiery, dark
a: Siphon Essence, Begin Untransformation, Renounce Religion, Heroism, Finesse,
Duel


You escaped.
You worshipped Okawaru.
Okawaru was exalted by your worship.
You were an undying horror.
You visited 18 branches of the dungeon, and saw 87 of its levels.
You visited Pandemonium 1 time, and saw 19 of its levels.
You visited the Abyss 2 times.
You also visited: Trove, Sewer, Gauntlet, Ice Cave and Wizlab.

You collected 19885 gold pieces.
You spent 7330 gold pieces at shops.

Inventory:

Hand Weapons
 X - the +8 mithril axe "Arga" (weapon) {speed, Will+}
   (Okawaru gifted it to you on level 5 of the Lair of Beasts)

   Will+:     It increases your willpower.
Missiles
 f - 52 silver javelins (quivered)
 g - 58 javelins
 q - 7 throwing nets
 A - 127 boomerangs
 K - 34 curare-tipped darts
Armour
 c - +12 gold dragon scales (worn)
 o - the +2 pair of gloves of Etzo (worn) {rF+ Regen+}
   (You found it on level 3 of the Tomb of the Ancients)

   rF+:       It protects you from fire.
   Regen+:    It increases your rate of health regeneration.
 r - a +2 tower shield of protection (worn)
 L - the +2 hat of the Other World (worn) {rF+ Str+2}
   (Okawaru gifted it to you on level 2 of the Orcish Mines)

   Str+2:     It affects your strength (+2).
   rF+:       It protects you from fire.
 R - the -2 hat of the Alchemist {rElec rPois rF+ rC+ rN+ Will+ rMut rCorr}
   (You found it on level 5 of the Vaults)

   rF+:       It protects you from fire.
   rC+:       It protects you from cold.
   rElec:     It insulates you from electricity.
   rPois:     It protects you from poison.
   rN+:       It protects you from negative energy.
   Will+:     It increases your willpower.
   rCorr:     It protects you from acid and corrosion.
   rMut:      It protects you from mutation.
 T - the +1 cloak of Starlight (worn) {*Dazzle EV+4 Stlth--}
   (You found it in a Gauntlet)

   *Dazzle:   It may blind those who miss an attack against the wearer in melee
   combat.
   EV+4:      It affects your evasion (+4).
   Stlth--:   It makes you much less stealthy.
 Z - a +2 pair of boots of flying (worn)
Jewellery
 k - the ring "Jouthan" (right hand) {rC+ EV+5 SInv}
   (You took it off a tengu reaver on level 5 of the Vaults)

   [ring of evasion]

   EV+5:      It affects your evasion (+5).
   rC+:       It protects you from cold.
   SInv:      It lets you see invisible.
 s - the ring of Tamubaare {rF+ rN+ Str+2}
   (You found it in a Gauntlet)

   [ring of positive energy]

   Str+2:     It affects your strength (+2).
   rF+:       It protects you from fire.
   rN+:       It protects you from negative energy.
 y - the ring "Acareschu" {rC++ Will+}
   (You found it in an ice cave)

   [ring of willpower]

   rC++:      It greatly protects you from cold.
   Will+:     It increases your willpower.
 H - the ring of Ephemeral Luck {rElec rN+ AC+4}
   (You took it off a vault guard on level 5 of the Vaults)

   [ring of protection]

   AC+4:      It affects your AC (+4).
   rElec:     It insulates you from electricity.
   rN+:       It protects you from negative energy.
 I - the ring of Tarexiel {Fly rN+ Stlth+}
   (You took it off a deep elf elementalist on level 3 of the Elven Halls)

   [ring of positive energy]

   rN+:       It protects you from negative energy.
   Fly:       It grants you flight.
   Stlth+:    It makes you more stealthy.
 O - the amulet of the Nice God (around neck) {rF+ rN+ Will+ Regen+ Stlth+}
   (You acquired it on level 3 of the Elven Halls)

   [amulet of regeneration]

   rF+:       It protects you from fire.
   rN+:       It protects you from negative energy.
   Will+:     It increases your willpower.
   Regen+:    It increases your rate of health regeneration.
   Stlth+:    It makes you more stealthy.
 V - the ring "Vusege" (left hand) {rElec rPois Int+6 Dex+5 Slay+3}
   (You took it off a deep elf archer on level 1 of the Elven Halls)

   [ring of intelligence]

   Int+6:     It affects your intelligence (+6).
   Dex+5:     It affects your dexterity (+5).
   Slay+3:    It affects your accuracy & damage with ranged weapons and melee
   (+3).
   rElec:     It insulates you from electricity.
   rPois:     It protects you from poison.
 W - a ring of resist corrosion
Talismans
 u - a talisman of death (active)
Wands
 t - a wand of digging (45)
 F - a wand of roots (81)
 P - a wand of light (51)
Scrolls
 e - 13 scrolls of revelation
 i - 6 scrolls of blinking
 j - 7 scrolls of immolation
 n - 39 scrolls of teleportation
 p - 12 scrolls of fear
 w - 12 scrolls of vulnerability
 B - 4 scrolls of silence
 M - 10 scrolls of poison
 N - 4 scrolls of fog
Potions
 a - 11 potions of invisibility
 d - 20 potions of might
 h - 23 potions of heal wounds
 l - 29 potions of curing
 m - 26 potions of mutation
 v - 13 potions of enlightenment
 x - 17 potions of haste
 z - 11 potions of attraction
 D - 8 potions of magic
 E - 14 potions of cancellation
 G - 9 potions of lignification
 Q - 4 potions of berserk rage
 S - 5 potions of resistance
 U - 9 potions of ambrosia
Miscellaneous
 b - a figurine of a ziggurat
 C - a Gell's gravitambourine (2/2)
 J - a condenser vane
 Y - a lightning rod (4/4)


   Skills:
 O Level 27 Fighting
 O Level 27 Axes
 O Level 27 Throwing
 O Level 27 Armour
 O Level 27 Dodging
 O Level 27 Shields
 + Level 26.0 Invocations
 - Level 6.0 Evocations
 - Level 23.0 Shapeshifting


You had 26 spell levels left.
You didn't know any spells.
Your spell library contained the following spells:

 Spells                   Type           Power      Damage    Failure   Level
 Apportation              Tloc           0%         N/A       80%         1
 Freeze                   Ice            0%         1d3       80%         1
 Kiss of Death            Conj/Necr      0%         2d5       80%         1
 Necrotise                Necr           0%         1d4       80%         1
 Sandblast                Erth           0%         2d4       80%         1
 Shock                    Conj/Air       0%         1d3       80%         1
 Sting                    Conj/Alch      0%         1d3       80%         1
 Blink                    Tloc           0%         N/A       91%         2
 Cigotuvi's Dreadful Rot  Necr/Alch/Air  0%         N/A       91%         2
 Ensorcelled Hibernation  Hex/Ice        0%         N/A       91%         2
 Jinxbite                 Hex            0%         N/A       91%         2
 Lesser Beckoning         Tloc           0%         N/A       91%         2
 Mercury Vapours          Alch/Air       0%         N/A       91%         2
 Momentum Strike          Conj/Tloc      0%         3d8       91%         2
 Scorch                   Fire           0%         2d5       91%         2
 Static Discharge         Conj/Air       0%         3-3/arc   91%         2
 Sublimation of Blood     Necr           0%         N/A       91%         2
 Confusing Touch          Hex            0%         N/A       99%         3
 Dazzling Flash           Conj/Hex       0%         N/A       99%         3
 Frozen Ramparts          Ice            0%         1d1       99%         3
 Fugue of the Fallen      Necr           0%         N/A       99%         3
 Hailstorm                Conj/Ice       0%         3d5       99%         3
 Inner Flame              Hex/Fire       0%         N/A       99%         3
 Maxwell's Portable Pile  Tloc           0%         2d(5-13)  99%         3
 Mephitic Cloud           Conj/Alch/Air  0%         N/A       99%         3
 Ozocubu's Armour         Ice            0%         N/A       99%         3
 Passwall                 Erth           0%         N/A       99%         3
 Sigil of Binding         Hex            0%         N/A       99%         3
 Stone Arrow              Conj/Erth      0%         3d7       99%         3
 Swiftness                Air            0%         N/A       99%         3
 Teleport Other           Tloc           0%         N/A       99%         3
 Vampiric Draining        Necr           0%         2d6       99%         3
 Volatile Blastmotes      Fire/Tloc      0%         2d10      99%         3
 Airstrike                Air            0%         2d(0-16)  100%        4
 Anguish                  Hex/Necr       0%         N/A       100%        4
 Brom's Barrelling Bould  Conj/Erth      0%         2d3       100%        4
 Cause Fear               Hex            0%         N/A       100%        4
 Dimensional Bullseye     Hex/Tloc       0%         N/A       100%        4
 Dispel Undead            Necr           0%         3d6       100%        4
 Flame Wave               Conj/Fire      0%         2d4       100%        4
 Fulminant Prism          Conj/Alch      0%         3d5       100%        4
 Ignite Poison            Fire/Alch      0%         N/A       100%        4
 Iskenderun's Mystic Bla Conj/Tloc 0%             2d3        (+2d1     100%        4
 Leda's Liquefaction      Alch/Erth      0%         N/A       100%        4
 Olgreb's Toxic Radiance  Alch           0%         N/A       100%        4
 Passage of Golubria      Tloc           0%         N/A       100%        4
 Petrify                  Alch/Erth      0%         N/A       100%        4
 Sticky Flame             Fire/Alch      0%         2d4       100%        4
 Vhi's Electric Charge    Tloc/Air       0%         N/A       100%        4
 Alistair's Intoxication  Alch           0%         N/A       100%        5
 Arcjolt                  Conj/Air       0%         1d10      100%        5
 Borgnjor's Vile Clutch   Necr/Erth      0%         N/A       100%        5
 Curse of Agony           Necr           0%         N/A       100%        5
 Fireball                 Conj/Fire      0%         3d3       100%        5
 Freezing Cloud           Conj/Ice/Air   0%         6-21      100%        5
 Irradiate                Conj/Alch      0%         3d11      100%        5
 Lee's Rapid Deconstruct  Erth           0%         3d4*      100%        5
 Metabolic Englaciation   Hex/Ice        0%         N/A       100%        5
 Silence                  Hex/Air        0%         N/A       100%        5
 Yara's Violent Unravell  Hex/Alch       0%         3d3       100%        5
 Bombard                  Conj/Erth      0%         9d1       100%        6
 Conjure Ball Lightning   Conj/Air       0%         3x3d6     100%        6
 Dispersal                Tloc           0%         N/A       100%        6
 Eringya's Noxious Bog    Alch           0%         4d6       100%        6
 Gell's Gavotte           Tloc           0%         2d(11-16) 100%        6
 Plasma Beam              Fire/Air       0%         2x1d10    100%        6
 Starburst                Conj/Fire      0%         6d3       100%        6
 Enfeeble                 Hex            0%         N/A       100%        7
 Manifold Assault         Tloc           0%         N/A       100%        7
 Orb of Destruction       Conj           0%         9d5       100%        7
 Ozocubu's Refrigeration  Ice            0%         4d7       100%        7
 Discord                  Hex            0%         N/A       100%        8
 Disjunction              Tloc           0%         N/A       100%        8
 Ignition                 Fire           0%         3d3       100%        8
 Lehudib's Crystal Spear  Conj/Erth      0%         10d2      100%        8
 Maxwell's Capacitive Co  Air            0%         ∞         100%        8
 Chain Lightning          Conj/Air       0%         N/A       100%        9
 Fire Storm               Conj/Fire      0%         5d1       100%        9
 Shatter                  Erth           0%         3d5*      100%        9
 Summon Small Mammal      Summ           Unusable   N/A       N/A         1
 Call Imp                 Summ           Unusable   N/A       N/A         2
 Tukima's Dance           Hex            Unusable   N/A       N/A         3
 Animate Armour           Summ/Erth      Unusable   N/A       N/A         4
 Martyr's Knell           Necr/Summ      Unusable   N/A       N/A         4
 Summon Blazeheart Golem  Fire/Summ      Unusable   N/A       N/A         4
 Summon Lightning Spire   Summ/Air       Unusable   N/A       N/A         4
 Summon Mana Viper        Hex/Summ       Unusable   N/A       N/A         5
 Summon Cactus Giant      Summ           Unusable   N/A       N/A         6
 Haunt                    Necr/Summ      Unusable   N/A       N/A         7
 Spellforged Servitor     Conj/Summ      Unusable   N/A       N/A         7
 Summon Hydra             Summ           Unusable   N/A       N/A         7
 Dragon's Call            Summ           Unusable   N/A       N/A         9

Dungeon Overview and Level Annotations

Branches:
Dungeon (15/15)            Temple (1/1) D:5            Lair (5/5) D:9
 Shoals (4/4) Lair:3        Snake (4/4) Lair:2        Slime (5/5) Lair:4
    Orc (2/2) D:10            Elf (3/3) Orc:2        Vaults (5/5) D:13
  Crypt (3/3) Vaults:3       Tomb (3/3) Crypt:3      Depths (4/4) D:15
   Hell (visited)             Dis (7/7) Hell            Geh (7/7) Hell
    Coc (7/7) Hell            Tar (7/7) Hell            Zot (5/5) Depths:4
  Sewer (visited)           IceCv (visited)          WizLab (visited)
Gauntlet (visited)

Altars:
Ashenzari
Cheibriados
Dithmenos
Elyvilon
Fedhas
Gozag
Hepliaklqana
Kikubaaqudgha
Makhleb
Nemelex Xobeh
Okawaru
Qazlal
Ru
Sif Muna
Trog
Uskayaw
Vehumet
Wu Jian
Xom
Yredelemnul
Zin
The Shining One
Jiyva

Shops:
D:5 *   D:7 [*   D:13 !   Orc:2 !*([   Elf:1 *   Elf:3 *   Snake:1 :!!!
Vaults:3 ?   Vaults:5 !!!?   Depths:4 *=

Portals:
Hell: Depths:1 Depths:2 Depths:3 Depths:4
Abyss: Depths:3
Pandemonium: Depths:2 Depths:3 Depths:4
Ziggurat: Depths:4


Innate Abilities, Weirdness & Mutations

You are an undying horror.
Your melee and unarmed attacks drain, slow and weaken victims.
You are immune to unholy pain and torment.
You cannot drink.
You are immune to poison.
You have a pair of horns on your head.
You reflexively headbutt those who attack you in melee.


Message History

You slash the soul eater!
The soul eater decays.
You headbutt the soul eater, but do no damage.
The soul eater is severely wounded.
You carve the soul eater like a ham!!!
You kill the soul eater!
Okawaru accepts your kill.
You slash the hell hound!
The hell hound decays.
You slice the hell hound!!
The hell hound decays.
You slash the hell hound!
The hell hound decays.
Unknown command.
You slice the hell hound!!
You kill the hell hound!
Okawaru accepts your kill.
You slice the hell hound!!
You kill the hell hound!
Okawaru accepts your kill.
You slash the hell hound!
The hell hound decays.
You are no longer corroded.
The hell hound breathes flames at you. The blast of flame misses you.
You slice the hell hound!!
You kill the hell hound!
Okawaru accepts your kill.
You miss the hell hound. You block the hell hound's attack.
Unknown command.
You chop the hell hound into pieces!!!
You kill the hell hound!
Okawaru accepts your kill.
You slice the hell hound!!
The hell hound decays.
Unknown command.
You chop the hell hound into pieces!!!
You kill the hell hound!
Okawaru accepts your kill.
Unknown command.
No target in view!
Unknown command.
No target in view!
There is a staircase leading out of the dungeon here.
You start waiting.
A red devil comes into view. It is wielding a +0 trident.
You have escaped!

#.....##ß)...#.#
#...)ß##.......#
#.....4.......##
##....†.....###
#..(......##
#.......###
##.....##
#...### ##z##
###


You could see a red devil.

Vanquished Creatures
  Cerebov (Pan)
  Asmodeus (Geh:7)
  Antaeus (Coc:7)
  the Royal Jelly (Slime:5)
  Mnoleg (Pan)
  Ereshkigal (Tar:7)
  Lom Lobon (Pan)
  Gloorx Vloq (Pan)
  5 pandemonium lords (Pan)
  Dispater (Dis:7)
  4 ancient liches
  3 orbs of fire (Zot:5)
  Khufu (Crypt:3)
  4 dread liches
  31 royal mummies
  5 juggernauts
  Boris (4 times) (Elf:3 Vaults:3 Vaults:4 Arena)
  7 Killer Klowns (Zot:5)
  Josephina (Depths:2)
  Margery (Crypt:2)
  Bai Suzhen (Crypt:2)
  3 curse toes
  Geryon (Hell)
  15 caustic shrikes
  11 golden dragons
  Nikola (Shoals:2)
  Jory (Crypt:2)
  10 bone dragons
  Norris (Elf:1)
  16 profane servitors
  20 Brimstone Fiends
  28 Tzitzimimeh
  12 doom hounds
  9 hellephants
  12 iron giants
  6 electric golems
  Jorgrun (Snake:2)
  2 spectral shard shrikes
  20 tentacled monstrosities
  6 liches
  The ghost of Innyits the Eclecticist, an adept DjAE of Makhleb (Vaults:2)
  The ghost of Busi the Markscentaur, an adept CeHu of Okawaru (Vaults:1)
  26 Hell Sentinels
  Zenata (Vaults:3)
  23 tainted leviathans
  2 walking crystal tomes
  2 deep elf master archers (Elf:3)
  17 Ice Fiends
  26 searing wretches
  13 titans
  27 Orb Guardians
  3 deep elf blademasters
  6 krakens
  7 quicksilver dragons
  22 Executioners
  6 sphinxes
  20 acid blobs
  39 ancient champions
  12 tentacled starspawn
  Polyphemus (Shoals:2)
  Frances (D:13)
  Kirke (D:13)
  12 death cobs
  Donald (Elf:2)
  An azure jelly (shapeshifter) (Depths:2)
  17 storm dragons
  The ghost of Tanwon the Fencer, an adept CoBe of Trog (D:15)
  15 tengu reavers
  26 azure jellies
  A storm dragon (shapeshifter) (Depths:2)
  8 shadow dragons
  The ghost of ddoljuk the Warrior, a journeyman MiBe of Trog (Snake:2)
  3 revenants
  4 draconian knights
  27 narguns
  17 rockslimes
  2 fenstrider witches (Pan)
  26 fire giants
  Aizul (Snake:3)
  2 caustic shrike zombies
  13 quicksilver elementals
  9 draconian monks
  17 frost giants
  7 demonspawn warmongers (Pan)
  A daeva (Zot:2)
  4 draconian shifters
  5 deep elf sorcerers
  A spectral juggernaut (Tar:6)
  3 nagarajas
  The ghost of Ighip the Earth Mage, an adept DEEE of Vehumet (Snake:1)
  8 draconian scorchers
  19 protean progenitors
  2 iron dragons (shapeshifter) (Depths:2)
  Louise (Shoals:4)
  15 shard shrike simulacra
  5 deep elf elementalists
  14 vault wardens
  11 iron dragons
  8 ghouls
  7 ghost moths
  3 curse skulls
  58 balrugs
  4 broodmothers
  2 orc warlords
  12 ironbound preservers
  5 draconian stormcallers
  10 formless jellyfish
  A stone giant (shapeshifter) (Depths:2)
  36 cacodemons
  A spectral caustic shrike (Tar:1)
  20 very ugly things
  2 juggernaut skeletons (Pan)
  7 draconian annihilators
  The ghost of znke the Demonic Aeon, a journeyman DsIE of Cheibriados (Orc:2)
  14 demonspawn corrupters
  37 reapers
  4 caustic shrike skeletons
  12 vampire knights
  12 quicksilver oozes
  7 demonspawn blood saints (Pan)
  8 demonspawn black suns (Pan)
  The ghost of neetthing the Black Belt, a journeyman DsMo of Cheibriados (D:13)
  6 lorocyprocas
  11 black draconians
  25 putrid mouths
  12 deep elf death magi
  14 green draconians
  6 ironbound thunderhulks
  12 stone giants
  A minotaur (Gauntlet)
  The ghost of 10x100sm the Cleaver, a journeyman FoFi of Okawaru (Lair:3)
  Azrael (Elf:1)
  8 bennus
  4 deep elf demonologists (Elf:3)
  22 elemental wellsprings
  A spark wasp (shapeshifter) (Vaults:5)
  9 dire elephants
  11 white draconians
  11 deep elf annihilators
  34 war gargoyles
  15 purple draconians
  11 wendigos
  2 spark wasps
  A spectral titan (Crypt:3)
  13 red draconians
  42 starcursed masses
  20 mummy priests
  22 green deaths
  12 yellow draconians
  17 iron golems
  28 blizzard demons
  3 merfolk javelineers
  6 eidola
  15 ettins
  8 merfolk impalers
  The ghost of 1lSu2w the Mimic, a journeyman MfSh of Hepliaklqana (Lair:2)
  A spectral golden dragon (Tar:1)
  8 fire dragons
  2 crystal guardians
  A quicksilver dragon zombie (Tomb:3)
  The ghost of Ozzieoiler the Marksminotaur, a journeyman MiHu of Makhleb (D:9)
  5 spriggan zombies
  5 yaktaur captains
  5 deep elf high priests
  18 jiangshi
  6 rakshasas
  14 salamander tyrants
  8 great orbs of eyes
  4 hell beasts
  11 ice dragons
  6 caustic shrike simulacra
  39 vault guards
  8 hydras
  A jorogumo (Pan)
  5 spriggan air magi
  2 radroaches
  7 ogre magi
  A peacekeeper (Vaults:4)
  An alligator (shapeshifter) (Vaults:5)
  7 merfolk aquamancers
  6 merfolk avatars
  5 juggernaut simulacra
  5 catoblepae
  The ghost of Zorulew the Zephyrmancer, a journeyman DgAE (Orc:1)
  14 ironbound frosthearts
  12 anacondas
  A jorogumo (shapeshifter) (Depths:2)
  A sphinx zombie (Crypt:1)
  23 stokers
  An alligator snapping turtle (Shoals:1)
  51 dancing weapons
  6 death knights
  A spriggan skeleton (Crypt:1)
  14 two-headed ogres
  7 boulder beetles
  8 death yaks
  27 centaur warriors
  8 satyrs
  An azure jelly zombie (Crypt:1)
  50 hell hogs
  3 spectral nagas
  54 death scarabs
  4 deep troll shamans
  10 tengu warriors
  7 vampire magi
  A titan zombie (Tomb:2)
  5 shock serpents
  17 hell knights
  34 thrashing horrors
  4 deep troll earth magi
  A spriggan (Depths:4)
  6 orc high priests
  6 demonic crawlers
  An occultist (Depths:3)
  11 naga warriors
  19 deep elf knights
  2 spectral dire elephants
  8 spriggan berserkers
  25 soul eaters
  15 crystal echidnas
  5 hellephant skeletons (Pan)
  10 naga sharpshooters
  Amaemon (Lair:3)
  14 wretched stars
  29 shadow wraiths
  40 skeletal warriors
  A spectral bunyip (Tar:2)
  3 iron trolls
  77 sun demons
  34 sixfirhies
  12 skysharks
  3 spectral spriggans
  A skyshark (shapeshifter) (Depths:3)
  16 deep elf archers
  A fire crab (Lair:3)
  11 mana vipers
  5 spatial maelstroms
  6 quicksilver dragon simulacra
  A spectral anaconda (Tar:2)
  A sun moth (shapeshifter) (Depths:4)
  5 salamander mystics
  31 large abominations
  6 goliath frogs
  12 flayed ghosts
  A mana viper (shapeshifter) (Vaults:5)
  2 glowing orange brains
  19 sea snakes
  3 spectral hydras
  5 arcanists
  31 deep trolls
  8 sun moths
  18 phantasmal warriors
  A lindwurm (Vaults:1)
  8 bog bodies
  4 naga ritualists
  15 shadow demons
  An anaconda zombie (Crypt:1)
  A tengu zombie (D:15)
  37 deep elf zephyrmancers
  2 eyes of devastation (shapeshifter)
  7 thermic dynamos
  A sea snake (shapeshifter) (Vaults:5)
  12 orc knights
  33 deep elf pyromancers
  10 necromancers
  2 shadow dragon skeletons
  16 ironbound convokers
  4 orange crystal statues
  2 obsidian bats
  3 wolf spiders (Zot:5)
  2 bunyip skeletons
  6 harpies
  7 spriggan simulacra
  6 shining eyes
  32 moths of wrath
  2 stone giant zombies
  22 fauns
  3 orc sorcerers
  A fire giant zombie (Vaults:2)
  8 cyclopes
  2 worldbinders
  47 ugly things
  31 salamanders
  An oklob plant (Lair:2)
  An alligator skeleton (Hell)
  2 kobold blastminers (Orc:1)
  2 spectral alligator snapping turtles (Tar:2)
  A meliai (shapeshifter) (D:13)
  18 manticores
  31 black mambas
  4 elephants
  A moth of wrath (shapeshifter) (Vaults:5)
  7 water nymphs
  6 merfolk sirens
  2 iron dragon skeletons (Dis:6)
  A centaur zombie (Crypt:1)
  7 eyes of devastation
  A dire elephant zombie (Tomb:1)
  7 rust devils (Hell)
  An apocalypse crab (Abyss:7)
  13 guardian serpents
  6 meliai
  A fire giant skeleton (Crypt:1)
  17 naga magi
  18 vault sentinels
  2 dire elephant skeletons
  40 smoke demons
  2 torpor snails (Lair:4)
  6 ice statues
  A storm dragon simulacrum (Coc:1)
  7 titan simulacra
  3 naga skeletons
  22 orange demons
  11 cane toads
  4 gargoyles
  Jeremiah (D:6)
  25 hellions
  3 bunyip simulacra
  A kobold demonologist (D:11)
  8 efreet
  5 unseen horrors (Tar:7)
  25 yaktaurs
  A spectral demonspawn (Tar:1)
  3 sea snake zombies
  21 freezing wraiths
  3 hydra zombies (Hell)
  3 ice devils (Coc:1)
  A mana viper skeleton (Crypt:2)
  An alligator snapping turtle skeleton (Tomb:3)
  42 guardian mummies
  2 golden dragon simulacra
  20 tormentors
  6 komodo dragons
  3 tengu conjurers
  A silent spectre (Tar:2)
  2 iron giant simulacra
  24 merfolk
  A spectral deep troll (Tar:1)
  3 spectral harpies
  A troll (shapeshifter) (D:14)
  9 anaconda simulacra
  A sea snake skeleton (Hell)
  2 polar bears (Lair:2)
  3 red devils
  6 ancient zymes (Abyss:7)
  A harpy skeleton (Tomb:2)
  19 hellwings
  8 blink frogs
  A death drake skeleton (Crypt:1)
  7 trolls
  A hornet (Depths:4)
  10 wind drakes
  A tengu simulacrum (D:15)
  3 dream sheep (Shoals:3)
  2 iron dragon simulacra
  A satyr zombie (Crypt:2)
  12 raiju
  2 ettin zombies
  12 snapping turtles
  136 slime creatures
  2 stone giant simulacra
  4 dire elephant simulacra
  A black mamba zombie (Crypt:1)
  4 glass eyes
  A centaur simulacrum (Gauntlet)
  4 shadows
  64 yaks
  An air elemental (Elf:1)
  24 ynoxinuls
  6 naga simulacra
  Sigmund (D:6)
  3 wyverns
  An ettin skeleton (Crypt:2)
  25 water elementals
  3 hogs (D:13)
  22 ushabtiu
  10 wraiths
  2 black mamba skeletons (Crypt:2)
  3 vampires
  2 alligator snapping turtle simulacra (Coc:1)
  11 basilisks
  6 fire elementals
  3 wargs
  24 golden eyes
  A steam dragon (D:8)
  21 chaos spawn (Pan)
  A sea snake simulacrum (Hell)
  A skyshark zombie (Crypt:1)
  6 spatial vortices
  18 harpy simulacra
  17 vampire mosquitoes
  28 neqoxecs
  A human simulacrum (Vaults:2)
  A glowing shapeshifter zombie (Vaults:2)
  31 nagas
  4 acid dragons
  3 great orb of eyes simulacra (IceCv)
  10 water moccasins
  3 naga zombies
  A hydra simulacrum (Coc:7)
  9 hell hounds
  A glowing shapeshifter skeleton (Vaults:2)
  A human skeleton (Vaults:2)
  A meliai simulacrum (Gauntlet)
  39 orc warriors
  7 ettin simulacra
  A swamp drake (D:10)
  A black bear (D:9)
  7 ice beasts
  2 sky beasts
  A black bear (shapeshifter) (D:14)
  A hornet zombie (Crypt:2)
  An ice dragon simulacrum (Coc:1)
  8 ogres
  2 small abominations (Crypt:3)
  53 laughing skulls
  5 boggarts
  A swamp dragon skeleton (Crypt:1)
  15 wolves
  2 centaurs (D:8)
  A manticore skeleton (Crypt:2)
  10 slime creature simulacra (IceCv)
  A phantom (D:6)
  7 kobold brigands
  A komodo dragon zombie (Crypt:1)
  7 bullfrogs
  A wyvern zombie (Crypt:2)
  3 gnoll sergeants
  3 earth elementals
  2 scorpions
  4 glowing shapeshifter simulacra
  A wyvern skeleton (Crypt:2)
  2 water moccasin skeletons (Crypt:2)
  4 burial acolytes (Crypt:3)
  A polar bear zombie (Crypt:2)
  16 killer bees
  A queen bee zombie (Crypt:1)
  3 bombardier beetles
  A wyvern simulacrum (Gauntlet)
  7 jellies
  2 centaur skeletons
  3 hounds
  5 human zombies (Crypt:1)
  41 orc priests
  7 iguanas
  2 sleepcaps (D:5)
  Terence (D:3)
  24 orc wizards
  8 hell rats
  67 mummies
  Robin (D:3)
  A river rat (D:6)
  15 adders
  25 gnolls
  A shadow imp (Tar:7)
  A white imp (D:5)
  2 dart slugs
  A ribbon worm (D:2)
  93 orcs
  8 bats
  10 endoplasms
  4 giant cockroaches (D:1)
  23 goblins
  9 hobgoblins
  10 ball pythons
  6 frilled lizards
  A gnoll skeleton (Crypt:1)
  27 kobolds
  A kobold zombie (Crypt:2)
  A quokka zombie (Crypt:1)
  5 rats
  11 aspiring fleshes
  3 ball lightnings (Pan)
  5 creeping infernos
  26 fire vortices
  3 lurking horrors (Abyss:7)
  2 spectral weapons
  5 starspawn tentacles
  18 tentacles
4642 creatures vanquished.

Vanquished Creatures (others)
  A doom hound (Hell)
  A titan (Coc:4)
  An eldritch tentacle (Pan)
  2 draconian knights (Zot:3)
  Ilsuiw (Shoals:2)
  A nargun (Coc:5)
  A fire giant (Geh:7)
  A shard shrike simulacrum (Coc:7)
  2 wendigos
  A caustic shrike simulacrum (Coc:6)
  3 stokers
  A merfolk aquamancer (Shoals:4)
  A jorogumo (Pan)
  A glowing orange brain (Depths:3)
  2 quicksilver dragon simulacra
  A spriggan simulacrum (Depths:2)
  An ancient zyme (Abyss:7)
  A merfolk (Shoals:2)
  An iron dragon simulacrum (Coc:6)
  A ynoxinul (Abyss:7)
  A dire elephant simulacrum (Coc:2)
  A harpy simulacrum (Coc:7)
  A laughing skull (Abyss:7)
  An ice beast (Coc:5)
  A glowing shapeshifter simulacrum (Depths:2)
  6 ball lightnings (Pan)
  6 creeping infernos
  A fire vortex (Geh:1)
  15 starspawn tentacles
  27 tentacles
85 creatures vanquished.

Grand Total: 4727 creatures vanquished

Notes
Turn   | Place    | Note
-------+----------+-------------------------------------------
     0 | D:1      | TitleDDak the Minotaur Fighter began the quest for the Orb.
     0 | D:1      | Reached XP level 1. HP: 19/19 MP: 0/0
    63 | D:1      | Reached XP level 2. HP: 24/27 MP: 1/1
   411 | D:1      | Reached XP level 3. HP: 34/34 MP: 2/2
   881 | D:2      | Found a faded altar of an unknown god.
   982 | D:2      | Reached XP level 4. HP: 41/41 MP: 3/3
  1051 | D:2      | Reached skill level 5 in Fighting
  1498 | D:3      | Noticed Robin
  1507 | D:3      | Killed Robin
  1512 | D:3      | Reached XP level 5. HP: 25/48 MP: 4/4
  1613 | D:3      | Noticed Terence
  1626 | D:3      | Killed Terence
  1627 | D:3      | Reached skill level 5 in Axes
  2084 | D:4      | Reached XP level 6. HP: 39/57 MP: 5/5
  2603 | D:4      | Reached XP level 7. HP: 63/63 MP: 6/6
  3033 | D:5      | Entered Level 5 of the Dungeon
  3334 | D:5      | Found a staircase to the Ecumenical Temple.
  3375 | Temple   | Entered the Ecumenical Temple
  3380 | Temple   | Became a worshipper of Warmaster Okawaru
  3412 | D:5      | Reached skill level 10 in Axes
  3565 | D:5      | Reached skill level 1 in Throwing
  3565 | D:5      | Reached XP level 8. HP: 70/70 MP: 7/7
  3704 | D:5      | Found Pyqujas's Lightly-Used Armoury.
  3770 | D:5      | Found a radiant altar of Vehumet.
  4009 | D:6      | Noticed Jeremiah
  4020 | D:6      | Killed Jeremiah
  4020 | D:6      | Reached * piety under Okawaru
  4112 | D:6      | Found a snail-covered altar of Cheibriados.
  4142 | D:6      | Found a glowing drain.
  4166 | Sewer    | Entered a sewer
  4277 | Sewer    | Reached skill level 1 in Invocations
  4342 | Sewer    | Reached ** piety under Okawaru
  4468 | D:6      | Reached XP level 9. HP: 50/75 MP: 5/9
  4580 | D:6      | Noticed Sigmund
  4593 | D:6      | Killed Sigmund
  5196 | D:7      | Found Fufor's Antique Armour Emporium.
  5197 | D:7      | Found Jesuhija's Armour Emporium.
  5446 | D:7      | Reached *** piety under Okawaru
  5478 | D:7      | Found Udefit's Assorted Antiques.
  5481 | D:7      | Bought a scroll labelled DAPA GAPSUSM for 23 gold pieces
  5481 | D:7      | Bought a scroll labelled YGAOGU CENENWUFAU for 23 gold
                  | pieces
  5481 | D:7      | Bought a murky orange potion for 20 gold pieces
  5615 | D:7      | Found an opulent altar of Gozag.
  5624 | D:7      | Reached skill level 5 in Invocations
  5661 | D:7      | Noticed a green ugly thing
  5681 | D:7      | Killed a green ugly thing
  6043 | D:7      | Found Poprob's Magic Scroll Shoppe.
  6134 | D:7      | Reached XP level 10. HP: 62/83 MP: 8/13
  6329 | D:7      | Found a shimmering blue altar of Sif Muna.
  6335 | D:7      | Found a white marble altar of Elyvilon.
  6338 | D:7      | Found a broken altar of Ashenzari.
  6724 | D:8      | Reached **** piety under Okawaru
  7161 | D:8      | Found a hide-covered altar of Uskayaw.
  7189 | D:8      | Found a blossoming altar of Fedhas.
  7250 | D:8      | Found a sacrificial altar of Ru.
  7363 | D:8      | Reached skill level 15 in Axes
  7417 | D:8      | Noticed a two-headed ogre
  7423 | D:8      | Killed a two-headed ogre
  7650 | D:8      | Found a hazy altar of Hepliaklqana.
  7821 | D:8      | Reached ***** piety under Okawaru
  7854 | D:8      | Reached skill level 5 in Armour
  7854 | D:8      | Reached skill level 5 in Shields
  8063 | D:9      | Received a gift from Okawaru
  8172 | D:9      | Found a runed translucent door.
  8524 | D:9      | Found a staircase to the Lair.
  8532 | D:9      | Reached XP level 11. HP: 88/93 MP: 11/14
  8838 | D:9      | Noticed Ozzieoiler's ghost (journeyman MiHu)
  9202 | D:10     | Entered Level 10 of the Dungeon
  9212 | D:10     | Noticed a two-headed ogre
  9515 | D:10     | Killed a two-headed ogre
  9607 | D:10     | Noticed a two-headed ogre
  9617 | D:10     | Killed a two-headed ogre
  9750 | D:10     | Found a basalt altar of Yredelemnul.
  9752 | D:10     | Noticed a profane servitor
  9769 | D:10     | Received a gift from Okawaru
  9850 | D:10     | Found a staircase to the Orcish Mines.
 10277 | D:10     | Found a glowing golden altar of the Shining One.
 10510 | D:11     | Noticed a cyan ugly thing
 10524 | D:11     | Killed a cyan ugly thing
 10919 | D:11     | Reached skill level 10 in Fighting
 11633 | Lair:1   | Entered Level 1 of the Lair of Beasts
 11678 | Lair:1   | Received a gift from Okawaru
 11756 | Lair:1   | Reached ****** piety under Okawaru
 11758 | Lair:1   | Reached XP level 12. HP: 96/107 MP: 16/16
 13053 | Lair:1   | Received a gift from Okawaru
 13328 | Lair:2   | Noticed a six-headed hydra
 13695 | Lair:2   | Found a staircase to the Snake Pit.
 13773 | Lair:2   | Killed a three-headed hydra
 14259 | Lair:2   | Reached skill level 10 in Shields
 14394 | Lair:2   | Received a gift from Okawaru
 14634 | Lair:2   | Noticed 1lSu2w's ghost (journeyman MfSh)
 14639 | Lair:2   | Found a runed translucent door.
 14800 | Lair:2   | Noticed a six-headed hydra
 14808 | Lair:2   | Killed a one-headed hydra
 14809 | Lair:2   | Reached XP level 13. HP: 104/118 MP: 18/18
 14963 | Lair:2   | Found a blossoming altar of Fedhas.
 15465 | Lair:3   | Found a staircase to the Shoals.
 15666 | Lair:3   | Noticed Amaemon
 15683 | Lair:3   | Killed Amaemon
 16234 | Lair:3   | Found a transporter.
 16236 | Lair:3   | Noticed 10x100sm's ghost (journeyman FoFi)
 16263 | Lair:3   | Found a transporter.
 16383 | Lair:3   | Received a gift from Okawaru
 16877 | Lair:4   | Found a staircase to the Slime Pits.
 17782 | Lair:5   | Entered Level 5 of the Lair of Beasts
 18057 | Lair:5   | Received a gift from Okawaru
 18860 | Lair:5   | Reached skill level 15 in Shields
 18964 | Lair:5   | Acquired the +8 mithril axe "Arga" {speed, Will+}
 18964 | Lair:5   | Received a gift from Okawaru
 18964 | Lair:5   | Found the +8 mithril axe "Arga" {speed, Will+}
 19001 | Lair:5   | Identified the +3 dagger of Domm {elec, rN+ rCorr}
 19913 | D:5      | Bought -1 gold dragon scales for 825 gold pieces
 20067 | D:12     | Received a gift from Okawaru
 20068 | D:12     | Reached XP level 14. HP: 126/127 MP: 19/19
 20295 | D:12     | Identified the +2 mace of a Gauntlet {vamp, rC+ Stlth+}
 21437 | D:13     | Reached skill level 5 in Throwing
 21841 | D:13     | Found a runed translucent gate.
 21842 | D:13     | Found a runed translucent gate.
 21843 | D:13     | Found a runed translucent gate.
 21843 | D:13     | Noticed neetthing's ghost (journeyman DsMo)
 21897 | D:13     | Found Nakowk's Distillery.
 21905 | D:13     | Bought a potion of heal wounds for 85 gold pieces
 21905 | D:13     | Bought a potion of curing for 51 gold pieces
 21924 | D:13     | Noticed Kirke
 22305 | D:13     | Noticed Frances
 22320 | D:13     | Killed Frances
 22320 | D:13     | Received a gift from Okawaru
 22479 | D:13     | Reached skill level 10 in Invocations
 22548 | D:13     | Found a gate to the Vaults.
 22614 | D:13     | Found an iron altar of Okawaru.
 22658 | D:14     | Received a gift from Okawaru
 22890 | D:14     | Found a gate leading to a gauntlet.
 22911 | D:14     | Received a gift from Okawaru
 22929 | Gauntlet | Entered a Gauntlet
 22929 | Gauntlet | Found a large runed translucent door.
 22929 | Gauntlet | Found a large runed translucent door.
 22929 | Gauntlet | Found a large runed translucent door.
 22929 | Gauntlet | Found a large runed translucent door.
 22929 | Gauntlet | Found a runed translucent gate.
 22929 | Gauntlet | Found a large runed translucent door.
 22929 | Gauntlet | Found a large runed translucent door.
 22929 | Gauntlet | Found a transporter.
 22929 | Gauntlet | Found a large runed translucent door.
 22929 | Gauntlet | Found a large runed translucent door.
 22929 | Gauntlet | Found a runed translucent door.
 22929 | Gauntlet | Found a runed translucent gate.
 22929 | Gauntlet | Found a runed translucent gate.
 22929 | Gauntlet | Found a transporter.
 22929 | Gauntlet | Found a transporter.
 22980 | Gauntlet | Found a runed translucent gate.
 22981 | Gauntlet | Found a runed translucent gate.
 22989 | Gauntlet | Found a transporter.
 22992 | Gauntlet | Found a transporter.
 23000 | Gauntlet | Found a transporter.
 23000 | Gauntlet | Found the +1 cloak of Starlight {*Dazzle EV+4 Stlth--}
 23003 | Gauntlet | Found a transporter.
 23011 | Gauntlet | Found a transporter.
 23029 | Gauntlet | Found a transporter.
 23047 | Gauntlet | Found a transporter.
 23050 | Gauntlet | Found a transporter.
 23060 | Gauntlet | Found a transporter.
 23065 | Gauntlet | Found a runed translucent gate.
 23066 | Gauntlet | Found a large runed translucent door.
 23066 | Gauntlet | Found a large runed translucent door.
 23067 | Gauntlet | Found a large runed translucent door.
 23068 | Gauntlet | Found a large runed translucent door.
 23069 | Gauntlet | Found a large runed translucent door.
 23069 | Gauntlet | Found a large runed translucent door.
 23069 | Gauntlet | Found a runed translucent door.
 23070 | Gauntlet | Found a large runed translucent door.
 23071 | Gauntlet | Found a large runed translucent door.
 23239 | Gauntlet | Identified the ring of Tamubaare {rF+ rN+ Str+2}
 23248 | Gauntlet | Identified the staff "Jamuyttutel" {rPois rCorr Alchemy}
 23248 | Gauntlet | Identified the +4 ring mail "Lesawud" {rElec Dex+3}
 23279 | Gauntlet | Reached skill level 10 in Armour
 23316 | Gauntlet | Identified the staff "Beekuxt" {rElec Will+ rCorr Str-2
                  | Int+5 Air}
 23435 | D:14     | You fall into a shaft and drop 1 floor!
 23435 | D:15     | Entered Level 15 of the Dungeon
 23747 | D:14     | Identified the +2 leather armour "Keaqepno" {Regen+ Int+2
                  | Slay-5}
 23984 | D:14     | Reached XP level 15. HP: 109/139 MP: 22/22
 24065 | D:14     | Received a gift from Okawaru
 24548 | Arena    | Entered the Arena
 24573 | D:14     | Reached skill level 15 in Fighting
 24847 | D:15     | Found a transporter.
 24863 | D:15     | Noticed Tanwon's ghost (adept CoBe)
 25125 | D:15     | Found a staircase to the Depths.
 25205 | D:15     | Received a gift from Okawaru
 25872 | D:15     | Found a transporter.
 26041 | Orc:1    | Entered Level 1 of the Orcish Mines
 26453 | Orc:1    | Received a gift from Okawaru
 26549 | Orc:1    | Found a large runed translucent door.
 26550 | Orc:1    | Found a large runed translucent door.
 26558 | Orc:1    | Noticed Zorulew's ghost (journeyman DgAE)
 26804 | Orc:1    | Killed Zorulew's ghost
 26809 | Orc:1    | Identified the +10 spear of Moral Flaws {elec, rF+ rN+}
 26836 | Orc:2    | Entered Level 2 of the Orcish Mines
 26880 | Orc:2    | Found a runed translucent gate.
 26880 | Orc:2    | Found a runed translucent gate.
 26880 | Orc:2    | Found a runed translucent gate.
 26895 | Orc:2    | Found an opulent altar of Gozag.
 26899 | Orc:2    | Noticed znke's ghost (journeyman DsIE)
 27139 | Orc:2    | Paralysed by an orc sorcerer for 2 turns
 27284 | Orc:2    | Found Uluun's Magic Scroll Shoppe.
 27320 | Orc:2    | Found a staircase to the Elven Halls.
 27839 | Orc:2    | Received a gift from Okawaru
 27903 | Orc:2    | Reached skill level 15 in Armour
 28131 | Orc:2    | Acquired the +2 hat of the Other World {rF+ Str+2}
 28131 | Orc:2    | Received a gift from Okawaru
 28403 | Orc:2    | Found Bastritsu's Distillery.
 28404 | Orc:2    | Found Izuaguarph's Antique Weapon Emporium.
 28404 | Orc:2    | Found Puikk's Assorted Antiques.
 28405 | Orc:2    | Found Lejier's Antique Armour Shoppe.
 28414 | Orc:2    | Bought a potion of heal wounds for 95 gold pieces
 28414 | Orc:2    | Bought a potion of ambrosia for 152 gold pieces
 28414 | Orc:2    | Bought a potion of curing for 57 gold pieces
 28415 | Orc:2    | Bought a potion of lignification for 42 gold pieces
 28498 | Orc:2    | Killed znke's ghost
 28597 | Orc:2    | Bought a scroll of fog for 44 gold pieces
 28597 | Orc:2    | Bought 3 scrolls of silence for 313 gold pieces
 28597 | Orc:2    | Bought a scroll of teleportation for 33 gold pieces
 28597 | Orc:2    | Bought a scroll of identify for 22 gold pieces
 28597 | Orc:2    | Bought a scroll of teleportation for 33 gold pieces
 28597 | Orc:2    | Bought a scroll of identify for 22 gold pieces
 28597 | Orc:2    | Bought a scroll of teleportation for 33 gold pieces
 28597 | Orc:2    | Bought a scroll of immolation for 44 gold pieces
 28600 | Orc:2    | Identified a scroll of acquirement
 28650 | Orc:2    | Bought a potion of ambrosia for 112 gold pieces
 28650 | Orc:2    | Bought 2 potions of heal wounds for 140 gold pieces
 28650 | Orc:2    | Bought a potion of haste for 140 gold pieces
 28650 | Orc:2    | Bought a potion of might for 56 gold pieces
 28650 | Orc:2    | Acquired a manual of Throwing
 28913 | Snake:1  | Entered Level 1 of the Snake Pit
 28925 | Snake:1  | Found Dinimak's Distillery.
 28967 | Snake:1  | Found Vuirez's Distillery.
 29028 | Snake:1  | Found a runed translucent door.
 29029 | Snake:1  | Noticed Ighip's ghost (adept DEEE)
 29095 | Snake:1  | Reached XP level 16. HP: 140/149 MP: 24/24
 29141 | Snake:1  | Found Soaroucu's Distillery.
 29311 | Snake:1  | Found Lafoyg's Book Shoppe.
 29357 | Snake:1  | Received a gift from Okawaru
 29939 | Snake:1  | Killed Ighip's ghost
 30495 | Snake:2  | Noticed Jorgrun
 30509 | Snake:2  | Killed Jorgrun
 30510 | Snake:2  | Reached skill level 1 in Evocations
 30610 | Snake:2  | Found a runed translucent gate.
 30610 | Snake:2  | Found a runed translucent gate.
 30610 | Snake:2  | Found a runed translucent gate.
 30616 | Snake:2  | Noticed ddoljuk's ghost (journeyman MiBe)
 30635 | Snake:2  | Reached skill level 1 in Shapeshifting
 30662 | Snake:2  | Killed ddoljuk's ghost
 30725 | Snake:2  | Received a gift from Okawaru
 31390 | Snake:3  | Received a gift from Okawaru
 31402 | Snake:3  | Found a glacial archway.
 31545 | IceCv    | Entered an ice cave
 32140 | IceCv    | Identified the +9 hand axe "Hajentik" {flame, rC+}
 32381 | IceCv    | Found a viscous altar of Jiyva.
 32402 | IceCv    | Received a gift from Okawaru
 32516 | IceCv    | Identified the +1 long sword of Parok {flame, Dex+4}
 32519 | IceCv    | Identified the +6 ice dragon scales "Ber Dupo" {rF- rC++
                  | Regen+ Slay+2}
 32521 | IceCv    | Identified the +0 pair of boots of Arreod {Rampage}
 32524 | IceCv    | Identified the ring "Acareschu" {rC++ Will+}
 33046 | Snake:3  | Reached XP level 17. HP: 147/158 MP: 25/25
 33053 | Snake:3  | Reached skill level 10 in Throwing
 33139 | Snake:3  | Identified the serpent talisman of Golden Freedom {rElec
                  | rCorr Str+3 Dex-5}
 33139 | Snake:3  | Noticed Aizul
 33159 | Snake:3  | Killed Aizul
 33174 | Snake:4  | Entered Level 4 of the Snake Pit
 33174 | Snake:4  | Found a sparkling altar of Nemelex Xobeh.
 33215 | Snake:4  | Received a gift from Okawaru
 33987 | Snake:4  | Received a gift from Okawaru
 34322 | Snake:4  | Reached skill level 5 in Evocations
 34772 | Snake:4  | Got a serpentine rune of Zot
 35034 | Shoals:1 | Entered Level 1 of the Shoals
 35061 | Shoals:1 | Noticed a kraken
 35072 | Shoals:1 | Killed a kraken
 35072 | Shoals:1 | Received a gift from Okawaru
 35858 | Shoals:2 | Noticed a kraken
 35858 | Shoals:2 | Noticed a kraken
 35858 | Shoals:2 | Noticed a kraken
 35858 | Shoals:2 | Noticed a kraken
 35858 | Shoals:2 | Noticed Nikola
 36036 | Shoals:2 | Received a gift from Okawaru
 36040 | Shoals:2 | Reached XP level 18. HP: 169/169 MP: 27/27
 36219 | Shoals:2 | Noticed Ilsuiw
 36310 | Shoals:2 | Killed Ilsuiw
 36543 | Shoals:2 | Reached skill level 5 in Shapeshifting
 36628 | Shoals:2 | Killed Nikola
 36916 | Shoals:2 | Noticed Polyphemus
 36932 | Shoals:2 | Killed Polyphemus
 37013 | Shoals:2 | Acquired 1025 gold pieces
 37395 | Shoals:3 | Found a transporter.
 37426 | Shoals:3 | Found a transporter.
 37819 | Shoals:4 | Entered Level 4 of the Shoals
 37820 | Shoals:4 | Noticed Louise
 37833 | Shoals:4 | Received a gift from Okawaru
 38214 | Shoals:4 | Killed Louise
 38297 | Shoals:4 | Received a gift from Okawaru
 38366 | Shoals:4 | Identified the +3 sling of Res Judicata {speed, Int+6}
 38376 | Shoals:4 | Got a barnacled rune of Zot
 38488 | Shoals:4 | Identified the ring "Neilium" {rElec rN++ Str-2 Int+6}
 39271 | Elf:1    | Entered Level 1 of the Elven Halls
 39287 | Elf:1    | Reached skill level 15 in Invocations
 39417 | Elf:1    | Reached XP level 19. HP: 172/179 MP: 29/29
 39478 | Elf:1    | Received a gift from Okawaru
 39546 | Elf:1    | Found Ynkout's Assorted Antiques.
 39574 | Elf:1    | Noticed Norris
 39605 | Elf:1    | Killed Norris
 39701 | Abyss:3  | Cast into level 3 of the Abyss (+1 morningstar of
                  | distortion)
 39787 | Abyss:3  | Noticed a bone dragon
 39813 | Abyss:3  | Killed a bone dragon
 39920 | Elf:1    | Escaped the Abyss
 40018 | Elf:1    | Received a gift from Okawaru
 40247 | Elf:1    | Identified the ring "Vusege" {rElec rPois Int+6 Dex+5
                  | Slay+3}
 40320 | Elf:1    | Got the Omnibus of the Mortar
 40326 | Elf:1    | Got the Handbook of the Scorched Birds
 40354 | Elf:1    | Identified the +0 chain mail of Contentment {rC+ rN+ Will-
                  | Int+5}
 40555 | Elf:1    | Noticed Azrael
 40569 | Elf:1    | Killed Azrael
 40569 | Elf:1    | Received a gift from Okawaru
 41144 | Elf:2    | Found a runed translucent gate.
 41167 | Elf:2    | Found a runed translucent gate.
 41167 | Elf:2    | Found a runed translucent gate.
 41223 | Elf:2    | Noticed Donald
 41234 | Elf:2    | Killed Donald
 41234 | Elf:2    | Received a gift from Okawaru
 41285 | Elf:2    | Reached skill level 15 in Throwing
 41541 | Elf:1    | Bought a potion of mutation for 168 gold pieces
 41785 | Elf:2    | Reached XP level 20. HP: 187/187 MP: 30/30
 42064 | Elf:3    | Entered Level 3 of the Elven Halls
 42112 | Elf:3    | Acquired the amulet of the Nice God {rF+ rN+ Will+ Regen+
                  | Stlth+}
 42149 | Elf:2    | Received a gift from Okawaru
 42362 | Elf:3    | Identified the +4 robe of Miesem {rC- rN++}
 42362 | Elf:3    | Noticed Boris
 42385 | Elf:3    | Killed Boris
 42385 | Elf:3    | Received a gift from Okawaru
 42412 | Elf:3    | Identified the ring of Tarexiel {Fly rN+ Stlth+}
 42513 | Elf:3    | Identified the ring of Leova {rPois SInv}
 42566 | Elf:3    | Identified the +1 robe "Qatic" {Rampage rF+ Will+}
 42648 | Elf:3    | Found Kosesus's Assorted Antiques.
 42652 | Elf:3    | Found the +10 Black Knight's barding {ponderous, rPois rN+}
 43050 | Elf:3    | Identified the +10 dagger "Vutuejam" {spect, rF+}
 43053 | Elf:3    | Found a bloodstained altar of Trog.
 43628 | Vaults:1 | Entered Level 1 of the Vaults
 43673 | Vaults:1 | Received a gift from Okawaru
 43675 | Vaults:1 | Reached skill level 10 in Shapeshifting
 44262 | Vaults:1 | Found a runed translucent door.
 44264 | Vaults:1 | Noticed Busi's ghost (adept CeHu)
 44402 | Vaults:1 | Received a gift from Okawaru
 44791 | Vaults:1 | Killed Busi's ghost
 44910 | Vaults:2 | Reached XP level 21. HP: 194/194 MP: 31/31
 45266 | Vaults:2 | Received a gift from Okawaru
 45382 | Vaults:2 | Found a runed translucent gate.
 45382 | Vaults:2 | Found a runed translucent gate.
 45382 | Vaults:2 | Found a runed translucent gate.
 45382 | Vaults:2 | Noticed Innyits's ghost (adept DjAE)
 45509 | Vaults:2 | Found the +18 shield of the Gong {Loud rN+ Will+ rCorr
                  | EV-5}
 45807 | Vaults:2 | Found a viscous altar of Jiyva.
 46014 | Vaults:3 | Found a magical portal.
 46014 | Vaults:3 | Identified the +3 robe of Generosity {rF+ Str+6}
 46014 | Vaults:3 | Noticed Boris
 46046 | Vaults:3 | Killed Boris
 46046 | Vaults:3 | Received a gift from Okawaru
 46079 | WizLab   | Entered Wucad Mu's Monastery
 46354 | WizLab   | Found the crystal ball of Wucad Mu {*channel}
 46452 | WizLab   | Reached XP level 22. HP: 206/206 MP: 32/32
 46700 | Vaults:3 | Noticed Zenata
 46709 | Vaults:3 | Killed Zenata
 47144 | Vaults:3 | Received a gift from Okawaru
 47529 | Vaults:3 | Found Elynol Kese's Magic Scroll Emporium.
 47537 | Vaults:3 | Bought a scroll of fear for 56 gold pieces
 47537 | Vaults:3 | Bought a scroll of enchant armour for 105 gold pieces
 47537 | Vaults:3 | Bought a scroll of fear for 56 gold pieces
 47537 | Vaults:3 | Bought a scroll of teleportation for 42 gold pieces
 47537 | Vaults:3 | Bought a scroll of blinking for 105 gold pieces
 47537 | Vaults:3 | Bought a scroll of revelation for 105 gold pieces
 47782 | Vaults:3 | Found a staircase to the Crypt.
 47998 | Vaults:4 | Received a gift from Okawaru
 48238 | Vaults:4 | Identified the +2 robe "Niotog" {Will+ Str+4 Int+4 Slay+2}
 48238 | Vaults:4 | Noticed Boris
 48252 | Vaults:4 | Killed Boris
 48487 | Vaults:4 | Found a portal to a secret trove of treasure.
 48831 | Vaults:4 | Reached XP level 23. HP: 213/213 MP: 33/33
 49268 | Depths:1 | Entered Level 1 of the Depths
 49288 | Depths:1 | Reached skill level 15 in Shapeshifting
 49292 | Depths:1 | Received a gift from Okawaru
 49643 | Depths:1 | Found a gateway to Hell.
 50076 | Depths:1 | Identified the +4 ring mail of Polish {SInv Stlth+}
 50232 | Depths:2 | Received a gift from Okawaru
 50660 | Depths:2 | Received a gift from Okawaru
 50721 | Depths:2 | Noticed a dread lich
 50730 | Depths:2 | Killed a dread lich
 50743 | Depths:2 | Identified the staff of Governance {rC+ Will++ Str+5 Ice}
 50744 | Depths:2 | Identified the staff of Discomfort {Str+9 Int-3 SInv Earth}
 50818 | Depths:2 | Identified the ring "Xoahy" {Ice ^Drain Will- MP+9 Int+3
                  | Dex+3}
 50818 | Depths:2 | Noticed Josephina
 50839 | Depths:2 | Killed Josephina
 51410 | Vaults:4 | You paid a toll of a +6 demon blade to enter a treasure
                  | trove
 51411 | Trove    | Entered a treasure trove
 51426 | Trove    | Identified the +3 long sword "Xiub" {venom, rF++ Int+2
                  | SInv}
 51434 | Trove    | Identified the +5 dagger "Sett" {drain, rF- rCorr Int+7}
 51450 | Trove    | Identified the +7 great mace of Valour {flame, rN++ Will-
                  | rCorr Dex+2}
 51824 | Depths:2 | Identified the staff "Impbane" {rPois rC+ Int+4 Dex+2 Ice}
 51980 | Depths:2 | Identified the staff of Brawling {rElec Dex+4 SInv Conj
                  | Hexes Air}
 52056 | Depths:2 | Found a one-way gate leading to the halls of Pandemonium.
 52439 | Depths:3 | Received a gift from Okawaru
 52972 | Depths:3 | Reached XP level 24. HP: 190/227 MP: 33/33
 53068 | Depths:3 | Found a one-way gate to the infinite horrors of the Abyss.
 53227 | Depths:4 | Entered Level 4 of the Depths
 53328 | Depths:4 | Received a gift from Okawaru
 53401 | Depths:4 | Found Jasise's Jewellery Shop.
 53406 | Depths:4 | Found Heered's General Store.
 53415 | Depths:4 | Noticed a juggernaut
 53428 | Depths:4 | Killed a juggernaut
 53454 | Depths:4 | Bought a scroll of silence for 209 gold pieces
 53459 | Depths:4 | Noticed a juggernaut
 53472 | Depths:4 | Killed a juggernaut
 53540 | Depths:4 | Found a one-way gateway to a ziggurat.
 53808 | Depths:4 | Received a gift from Okawaru
 53832 | Depths:4 | Found a gate to the Realm of Zot.
 54520 | Vaults:5 | Entered Level 5 of the Vaults
 54533 | Vaults:5 | Received a gift from Okawaru
 54693 | Vaults:5 | Identified the +4 robe "Rif Xeet" {rN+ Slay+3}
 54693 | Vaults:5 | Noticed Boris
 54705 | Arena    | Entered the Arena
 54719 | Arena    | Killed Boris
 54909 | Vaults:5 | Received a gift from Okawaru
 55051 | Vaults:5 | Found Bagogiri's Distillery.
 55062 | Vaults:5 | Bought a potion of curing for 36 gold pieces
 55062 | Vaults:5 | Bought a potion of heal wounds for 60 gold pieces
 55331 | Vaults:5 | Identified the +6 spear "Miowoh" {venom, rN+ Str+2}
 55331 | Vaults:5 | Identified the ring of Ephemeral Luck {rElec rN+ AC+4}
 55350 | Vaults:5 | Noticed a dread lich
 55360 | Vaults:5 | Noticed an ancient lich
 55363 | Vaults:5 | Noticed an ancient lich
 55377 | Vaults:5 | Killed an ancient lich
 55424 | Vaults:5 | Identified the ring "Asudd" {rN+ SInv Stlth+}
 55455 | Vaults:5 | Identified the ring "Jouthan" {rC+ EV+5 SInv}
 55493 | Vaults:5 | Killed a dread lich
 55494 | Vaults:5 | Reached XP level 25. HP: 208/235 MP: 33/33
 55507 | Vaults:5 | Killed an ancient lich
 55507 | Vaults:5 | Received a gift from Okawaru
 55782 | Vaults:5 | Found the -2 hat of the Alchemist {rElec rPois rF+ rC+ rN+
                  | Will+ rMut rCorr}
 55925 | Vaults:5 | Identified the staff of the Other Side {rPois Will+ rCorr
                  | Earth}
 55926 | Vaults:5 | Identified the +1 long sword of Odokhidd {drain, ^Drain
                  | rElec Int+9}
 55928 | Vaults:5 | Identified the +2 trident of the Coward {holy, Int+4
                  | Stlth+}
 55929 | Vaults:5 | Identified the +6 scale mail of the Fiddle {rElec SInv}
 55985 | Vaults:5 | Found Pugogam's Magic Scroll Shoppe.
 55990 | Vaults:5 | Got a silver rune of Zot
 55998 | Vaults:5 | Bought a scroll of revelation for 150 gold pieces
 55998 | Vaults:5 | Bought a scroll of revelation for 150 gold pieces
 55998 | Vaults:5 | Bought a scroll of immolation for 80 gold pieces
 56013 | Vaults:5 | Found Feczeoly's Distillery.
 56018 | Vaults:5 | Bought a potion of mutation for 136 gold pieces
 56018 | Vaults:5 | Bought a potion of heal wounds for 85 gold pieces
 56018 | Vaults:5 | Bought a potion of mutation for 136 gold pieces
 56018 | Vaults:5 | Bought 2 potions of attraction for 102 gold pieces
 56018 | Vaults:5 | Bought a potion of heal wounds for 85 gold pieces
 56025 | Vaults:5 | Found Fawoq's Distillery.
 56030 | Vaults:5 | Bought a potion of mutation for 128 gold pieces
 56030 | Vaults:5 | Bought a potion of might for 64 gold pieces
 56030 | Vaults:5 | Bought a potion of mutation for 128 gold pieces
 56030 | Vaults:5 | Bought a potion of curing for 48 gold pieces
 56030 | Vaults:5 | Bought a potion of curing for 48 gold pieces
 56030 | Vaults:5 | Bought a potion of curing for 48 gold pieces
 56296 | Crypt:1  | Entered Level 1 of the Crypt
 56794 | Crypt:1  | Identified the +0 scale mail of Inquiry {^Drain rF+ rC+++}
 57350 | Crypt:2  | Received a gift from Okawaru
 57626 | Crypt:2  | Noticed Jory
 57661 | Crypt:2  | Killed Jory
 57705 | Crypt:2  | Noticed Bai Suzhen
 57746 | Crypt:2  | Killed Bai Suzhen
 57941 | Crypt:2  | Noticed Margery
 57980 | Crypt:2  | Killed Margery
 58233 | Crypt:3  | Entered Level 3 of the Crypt
 58442 | Crypt:3  | Received a gift from Okawaru
 58469 | Crypt:3  | Found an ancient bone altar of Kikubaaqudgha.
 58968 | Crypt:3  | Identified the +3 war axe of Shrieking Terror {freeze,
                  | rElec Int+8 Stlth-}
 59002 | Crypt:3  | Identified the staff of Watchfulness {rN+ Str+8 Conj Necro}
 59033 | Crypt:3  | Noticed Khufu
 59152 | Crypt:3  | Killed Khufu
 59220 | Crypt:3  | Received a gift from Okawaru
 59290 | Crypt:3  | Reached XP level 26. HP: 230/237 MP: 33/33
 59330 | Crypt:3  | Identified the ring of Qazlal's Displeasure {rN++ Str+3
                  | SInv}
 59330 | Crypt:3  | Identified the ring "Sicug" {rN+ Dex+6}
 59370 | Crypt:3  | Found a staircase to the Tomb.
 59435 | Crypt:3  | Got the Omnibus of Impulse
 59449 | Crypt:3  | Got the Secrets of Guile
 59965 | D:9      | Killed Ozzieoiler's ghost
 60080 | D:13     | Killed neetthing's ghost
 60127 | D:13     | Killed Kirke
 60145 | D:13     | Bought a potion of cancellation for 136 gold pieces
 60145 | D:13     | Bought a potion of might for 68 gold pieces
 60145 | D:13     | Bought a potion of curing for 51 gold pieces
 60145 | D:13     | Bought a potion of lignification for 51 gold pieces
 60145 | D:13     | Bought a potion of might for 68 gold pieces
 60145 | D:13     | Bought a potion of mutation for 136 gold pieces
 60145 | D:13     | Bought a potion of mutation for 136 gold pieces
 60145 | D:13     | Bought a potion of ambrosia for 136 gold pieces
 60230 | D:15     | Killed Tanwon's ghost
 60445 | Lair:2   | Killed 1lSu2w's ghost
 60668 | Lair:3   | Killed 10x100sm's ghost
 60779 | Snake:1  | Bought a potion of ambrosia for 88 gold pieces
 60779 | Snake:1  | Bought a potion of might for 44 gold pieces
 60779 | Snake:1  | Bought a potion of haste for 110 gold pieces
 60779 | Snake:1  | Bought 2 potions of mutation for 176 gold pieces
 60779 | Snake:1  | Bought a potion of attraction for 33 gold pieces
 60779 | Snake:1  | Bought a potion of invisibility for 88 gold pieces
 60779 | Snake:1  | Bought a potion of curing for 33 gold pieces
 60779 | Snake:1  | Bought a potion of curing for 33 gold pieces
 60812 | Snake:1  | Bought a potion of haste for 130 gold pieces
 60812 | Snake:1  | Bought a potion of curing for 39 gold pieces
 60812 | Snake:1  | Bought a potion of cancellation for 104 gold pieces
 60812 | Snake:1  | Bought a potion of ambrosia for 104 gold pieces
 60812 | Snake:1  | Bought a potion of haste for 130 gold pieces
 60812 | Snake:1  | Bought a potion of curing for 39 gold pieces
 60848 | Snake:1  | Bought a potion of resistance for 170 gold pieces
 60848 | Snake:1  | Bought a potion of attraction for 51 gold pieces
 60848 | Snake:1  | Bought a potion of ambrosia for 136 gold pieces
 61053 | Shoals:3 | Identified the ring "Egudd" {Will+ Str+3 Int+6}
 61058 | Shoals:3 | Identified the +9 morningstar of Utigan {freeze, SInv}
 61325 | D:7      | Bought 2 scrolls of blinking for 345 gold pieces
 61570 | Vaults:2 | Received a gift from Okawaru
 61598 | Vaults:2 | Killed Innyits's ghost
 61882 | Slime:1  | Entered Level 1 of the Pits of Slime
 63701 | Slime:5  | Entered Level 5 of the Pits of Slime
 63705 | Slime:5  | Received a gift from Okawaru
 63927 | Slime:5  | Found a viscous altar of Jiyva.
 63929 | Slime:5  | Noticed the Royal Jelly
 63967 | Slime:5  | Killed the Royal Jelly
 64062 | Slime:5  | Identified the +4 scale mail of Tortelloni {Regen+ Str+8}
 64064 | Slime:5  | Identified the orb "Ibuxaol" {*Rage, rElec rF++ Int-5
                  | Earth}
 64081 | Slime:5  | Identified the +7 chain mail "Jawkutevyi" {Rampage +Inv
                  | Slay+4 Stlth-}
 64088 | Slime:5  | Got a slimy rune of Zot
 64142 | Slime:5  | Identified the +4 hand axe "Imp's Foe" {venom, rC- Str+5
                  | Int-3 Stlth+}
 64156 | Slime:5  | Identified the +3 war axe "Ypeifomu" {freeze, ^Drain Int+7
                  | Dex-2}
 64501 | Slime:5  | Received a gift from Okawaru
 65338 | Pan      | Entered Pandemonium
 65432 | Pan      | Found a runed translucent door.
 65812 | Pan      | Noticed Yshruil the pandemonium lord
 65832 | Pan      | Killed Yshruil the pandemonium lord
 65832 | Pan      | Received a gift from Okawaru
 65833 | Pan      | Reached XP level 27. HP: 254/271 MP: 33/33
 65865 | Pan      | Reached skill level 27 in Fighting
 66561 | Pan      | Noticed Kijuzapt the pandemonium lord
 66585 | Pan      | Killed Kijuzapt the pandemonium lord
 66597 | Pan      | Received a gift from Okawaru
 66654 | Pan      | Got a demonic rune of Zot
 66835 | Pan      | Found an exit through the horrors of the Abyss.
 66839 | Pan      | Noticed Weecar the pandemonium lord
 66853 | Abyss:7  | Entered Level 7 of the Abyss
 66853 | Abyss:7  | Cast into level 7 of the Abyss (Weecar)
 66884 | Abyss:7  | Found a corrupted altar of Lugonu.
 66899 | Abyss:7  | Found a corrupted altar of Lugonu.
 66912 | Abyss:7  | Paralysed by accursed screaming for 2 turns
 66948 | Abyss:7  | Paralysed by accursed screaming for 1 turns
 66952 | Abyss:7  | Paralysed by accursed screaming for 2 turns
 66962 | Abyss:7  | Got an abyssal rune of Zot
 67034 | Abyss:7  | Received a gift from Okawaru
 67103 | Abyss:7  | Paralysed by accursed screaming for 1 turns
 67175 | Pan      | Escaped the Abyss
 67187 | Arena    | Entered the Arena
 67232 | Pan      | Received a gift from Okawaru
 67245 | Pan      | Killed Weecar the pandemonium lord
 68401 | Pan      | Received a gift from Okawaru
 68798 | Pan      | Noticed Ymugh the pandemonium lord
 68879 | Pan      | Found an exit through the horrors of the Abyss.
 69099 | Pan      | Paralysed by accursed screaming for 1 turns
 69310 | Pan      | Acquired 685 gold pieces
 69346 | Pan      | Received a gift from Okawaru
 69413 | Pan      | Noticed Nypsio the pandemonium lord
 69428 | Pan      | Killed Nypsio the pandemonium lord
 69446 | Pan      | Entered the realm of Mnoleg.
 69991 | Pan      | Found an exit through the horrors of the Abyss.
 70433 | Pan      | Noticed Mnoleg
 70455 | Pan      | Killed Mnoleg
 70490 | Pan      | Received a gift from Okawaru
 70524 | Pan      | Got a glowing rune of Zot
 70741 | Pan      | Noticed Xuff the pandemonium lord
 70866 | Pan      | Found an exit through the horrors of the Abyss.
 70951 | Pan      | Killed Xuff the pandemonium lord
 71205 | Pan      | Entered the realm of Cerebov.
 71376 | Pan      | Received a gift from Okawaru
 71533 | Pan      | Found the +6 sword of Cerebov {flame}
 71533 | Pan      | Noticed Cerebov
 71587 | Pan      | Killed Cerebov
 71588 | Pan      | Reached skill level 27 in Axes
 71630 | Pan      | Identified the +0 helmet of the Charming Gods {Rampage
                  | rPois Int+4}
 71633 | Pan      | Identified the +6 lajatang "Qity" {drain, rF+}
 71677 | Pan      | Got a fiery rune of Zot
 71702 | Pan      | Identified the +6 sling of Outrage {elec, Int+10 Stlth+}
 71704 | Pan      | Identified the +7 short sword "Hozuybof" {drain, rElec
                  | rPois Str+2}
 71707 | Pan      | Identified the +6 spear of Cruel Justice {speed, Fly rF+
                  | Str+3}
 71728 | Pan      | Got Xaeh's Last Memoir of the High Council
 71730 | Pan      | Identified the +0 buckler "Eroirph" {rF+ Int+4}
 71749 | Pan      | Identified the +11 rapier of Greed {freeze, *Noise Will+++
                  | Int-3 Stlth+}
 71831 | Pan      | Found a corrupted altar of Lugonu.
 72547 | Pan      | Found a runed translucent door.
 72660 | Pan      | Received a gift from Okawaru
 73167 | Pan      | Entered the realm of Gloorx Vloq.
 73655 | Pan      | Received a gift from Okawaru
 73725 | Pan      | Noticed Gloorx Vloq
 73945 | Pan      | Killed Gloorx Vloq
 74006 | Pan      | Got a dark rune of Zot
 74224 | Pan      | Entered the realm of Lom Lobon.
 74477 | Pan      | Received a gift from Okawaru
 75136 | Pan      | Noticed Lom Lobon
 75172 | Pan      | Killed Lom Lobon
 75275 | Pan      | Got a magical rune of Zot
 75446 | Depths:2 | Escaped Pandemonium
 75478 | Hell     | Entered the Vestibule of Hell
 75478 | Hell     | Noticed Geryon
 75500 | Hell     | Reached skill level 27 in Armour
 75550 | Hell     | Received a gift from Okawaru
 75559 | Hell     | Killed Geryon
 75634 | Hell     | Found a gateway to the ashen valley of Gehenna.
 75732 | Hell     | Found a gateway to the decaying netherworld of Tartarus.
 75768 | Hell     | Found a gateway to the freezing wastes of Cocytus.
 75909 | Hell     | Found a gateway to the Iron City of Dis.
 76043 | Geh:1    | Entered Level 1 of Gehenna
 76163 | Geh:1    | Received a gift from Okawaru
 76849 | Geh:3    | Noticed an ancient lich
 76862 | Geh:3    | Killed an ancient lich
 77079 | Geh:4    | Reached skill level 1 in Dodging
 77397 | Geh:5    | Received a gift from Okawaru
 77898 | Geh:7    | Entered Level 7 of Gehenna
 78035 | Geh:7    | Reached skill level 5 in Dodging
 78891 | Geh:7    | Found the +13 sceptre of Asmodeus
 78891 | Geh:7    | Noticed Asmodeus
 78931 | Geh:7    | Killed Asmodeus
 79070 | Geh:7    | Got an obsidian rune of Zot
 79416 | Geh:7    | Received a gift from Okawaru
 79494 | Geh:7    | Identified the ring "Asuedex" {rPois AC+4 Str+5}
 79495 | Geh:7    | Identified the staff of Magnificence {rPois Will++ Alchemy}
 79501 | Geh:7    | Identified the +2 battleaxe "Ogoucsyz" {freeze, Fly rF-
                  | Str+5 Int-5}
 79758 | Tar:1    | Entered Level 1 of Tartarus
 80161 | Tar:2    | You are sucked into a shaft and drop 2 floors!
 80352 | Tar:4    | Received a gift from Okawaru
 80424 | Tar:5    | Reached skill level 10 in Dodging
 80933 | Tar:7    | Entered Level 7 of Tartarus
 80983 | Tar:7    | Reached skill level 27 in Shields
 81062 | Tar:7    | Received a gift from Okawaru
 81654 | Tar:7    | Identified the +7 plate armour "Tuilus" {-Tele rF++ rN+
                  | Regen+}
 81655 | Tar:7    | Identified the +4 shortbow of Uhiemoys {speed, *Corrode Fly
                  | Will+++ Str-5 Stlth+}
 81660 | Tar:7    | Identified the +5 hand axe of the Fifty Stars {freeze,
                  | rElec rCorr MP-9}
 81847 | Tar:7    | Identified the ring "Sehiud" {rElec rPois rN+}
 81942 | Tar:7    | Received a gift from Okawaru
 82143 | Tar:7    | Found the +13 sword of the Doom Knight {doom -Cast ^Drain
                  | Will+}
 82162 | Tar:7    | Identified the +10 rapier of Conservatism {freeze, ^Contam
                  | Int+4 Stlth+}
 82165 | Tar:7    | Identified the +1 pair of boots of a bazaar {rN+}
 82187 | Tar:7    | Identified the +5 mace of Ufezoes {venom, Will+ rCorr
                  | Str+2}
 82188 | Tar:7    | Identified the +3 dagger of Patterns {freeze, Str+3}
 82718 | Tar:7    | Identified the +7 quarterstaff "Xesome" {freeze, Will+}
 83200 | Tar:7    | Noticed Ereshkigal
 83226 | Tar:7    | Received a gift from Okawaru
 83288 | Tar:7    | Killed Ereshkigal
 83369 | Tar:7    | Got a bone rune of Zot
 83431 | Tar:7    | Reached skill level 15 in Dodging
 83677 | Coc:1    | Entered Level 1 of Cocytus
 84041 | Coc:2    | Received a gift from Okawaru
 85159 | Coc:7    | Entered Level 7 of Cocytus
 85223 | Coc:7    | Paralysed by a wendigo for 1 turns
 85233 | Coc:7    | Received a gift from Okawaru
 85441 | Coc:7    | Identified the +4 trident of an ice cave {flame, Dex+7}
 85633 | Coc:7    | Paralysed by a wendigo for 1 turns
 85677 | Coc:7    | Identified the ring "Iczo" {AC+4 Stlth+}
 85681 | Coc:7    | Identified the +11 broad axe "Lunuimetz" {flame, SInv}
 85682 | Coc:7    | Identified the +0 hand axe of Cobwebs {drain, rElec Will++
                  | MP+9 Stlth-}
 85822 | Coc:7    | Received a gift from Okawaru
 86049 | Coc:7    | Noticed Antaeus
 86090 | Coc:7    | Killed Antaeus
 86136 | Coc:7    | Got an icy rune of Zot
 86356 | Coc:7    | Identified the staff of the Abyss {rC++ rN+ Earth}
 86515 | Dis:1    | Entered Level 1 of the Iron City of Dis
 86623 | Dis:1    | Received a gift from Okawaru
 87181 | Dis:4    | Received a gift from Okawaru
 87558 | Dis:6    | Received a gift from Okawaru
 87956 | Dis:7    | Entered Level 7 of the Iron City of Dis
 88346 | Dis:7    | Received a gift from Okawaru
 88758 | Dis:7    | Noticed a juggernaut
 88772 | Dis:7    | Killed a juggernaut
 88907 | Dis:7    | Received a gift from Okawaru
 89029 | Dis:7    | Noticed a juggernaut
 89061 | Dis:7    | Killed a juggernaut
 89505 | Dis:7    | Received a gift from Okawaru
 89677 | Dis:7    | Noticed a juggernaut
 89691 | Dis:7    | Killed a juggernaut
 89729 | Dis:7    | Noticed Dispater
 89758 | Dis:7    | Killed Dispater
 89903 | Dis:7    | Identified the +7 broad axe of the Tiger {flame, *Corrode
                  | rPois rF+}
 89912 | Dis:7    | Got an iron rune of Zot
 90470 | Tomb:1   | Entered Level 1 of the Tomb of the Ancients
 90768 | Tomb:1   | Received a gift from Okawaru
 90920 | Tomb:1   | Noticed a royal mummy
 90940 | Tomb:1   | Killed a royal mummy
 90991 | Tomb:1   | Noticed a royal mummy
 91001 | Tomb:1   | Killed a royal mummy
 91026 | Tomb:1   | Identified the blade talisman "Wenaic" {Str+3 Dex+6 Stlth+}
 91030 | Tomb:1   | Noticed a royal mummy
 91054 | Tomb:1   | Killed a royal mummy
 91342 | Tomb:2   | Noticed a royal mummy
 91350 | Tomb:2   | Noticed a royal mummy
 91381 | Tomb:2   | Noticed a royal mummy
 91387 | Tomb:2   | Killed a royal mummy
 91395 | Tomb:2   | Killed a royal mummy
 91395 | Tomb:2   | Received a gift from Okawaru
 91411 | Tomb:2   | Noticed a royal mummy
 91411 | Tomb:2   | Noticed a royal mummy
 91420 | Tomb:2   | Killed a royal mummy
 91436 | Tomb:2   | Killed a royal mummy
 91440 | Tomb:2   | Killed a royal mummy
 91760 | Tomb:1   | Noticed a royal mummy
 91760 | Tomb:1   | Noticed a royal mummy
 91761 | Tomb:1   | Noticed a royal mummy
 91761 | Tomb:1   | Noticed a royal mummy
 91765 | Tomb:1   | Noticed a royal mummy
 91781 | Tomb:1   | Killed a royal mummy
 91787 | Tomb:1   | Killed a royal mummy
 91797 | Tomb:1   | Noticed a royal mummy
 91798 | Tomb:1   | Killed a royal mummy
 91803 | Tomb:1   | Killed a royal mummy
 91806 | Tomb:1   | Killed a royal mummy
 91812 | Tomb:1   | Killed a royal mummy
 91813 | Tomb:1   | Reached skill level 27 in Throwing
 91852 | Tomb:1   | Noticed a royal mummy
 91868 | Tomb:1   | Killed a royal mummy
 91872 | Tomb:1   | Noticed a royal mummy
 91883 | Tomb:1   | Killed a royal mummy
 91912 | Tomb:1   | Noticed a royal mummy
 91928 | Tomb:1   | Killed a royal mummy
 91928 | Tomb:1   | Received a gift from Okawaru
 91958 | Tomb:1   | Noticed a royal mummy
 91959 | Tomb:1   | Noticed a royal mummy
 91976 | Tomb:1   | Killed a royal mummy
 91983 | Tomb:1   | Killed a royal mummy
 92000 | Tomb:1   | Noticed a royal mummy
 92004 | Tomb:1   | Noticed a royal mummy
 92004 | Tomb:1   | Noticed a royal mummy
 92009 | Tomb:1   | Killed a royal mummy
 92065 | Tomb:1   | Killed a royal mummy
 92073 | Tomb:1   | Killed a royal mummy
 92565 | Tomb:3   | Entered Level 3 of the Tomb of the Ancients
 92578 | Tomb:3   | Noticed a royal mummy
 92578 | Tomb:3   | Noticed a royal mummy
 92589 | Tomb:3   | Noticed a royal mummy
 92651 | Tomb:3   | Killed a royal mummy
 92651 | Tomb:3   | Received a gift from Okawaru
 92674 | Tomb:3   | Killed a royal mummy
 92708 | Tomb:3   | Killed a royal mummy
 92718 | Tomb:3   | Noticed a royal mummy
 92718 | Tomb:3   | Noticed a royal mummy
 92718 | Tomb:3   | Noticed a royal mummy
 92718 | Tomb:3   | Noticed a royal mummy
 92718 | Tomb:3   | Noticed a royal mummy
 92752 | Tomb:3   | Killed a royal mummy
 92812 | Tomb:3   | Killed a royal mummy
 92836 | Tomb:3   | Killed a royal mummy
 93016 | Tomb:3   | Noticed a royal mummy
 93045 | Tomb:3   | Killed a royal mummy
 93050 | Tomb:3   | Reached skill level 27 in Dodging
 93060 | Tomb:3   | Killed a royal mummy
 93071 | Tomb:3   | Killed a royal mummy
 93282 | Tomb:3   | Identified the +2 trident "Ezanot" {drain, Int+3}
 93311 | Tomb:3   | Identified the +10 scimitar "Lakyo" {flame, rPois Stlth+}
 93407 | Tomb:3   | Identified the +2 pair of gloves of Etzo {rF+ Regen+}
 93424 | Tomb:3   | Identified the +8 scale mail of Repulsion {rPois rCorr}
 93426 | Tomb:3   | Got Ytyshrev's Incunabulum of Profulgent Voltage
 93430 | Tomb:3   | Identified the +0 sling "Spiderslayer" {freeze, rElec
                  | Int+7}
 93434 | Tomb:3   | Identified the +4 dagger of the Brewing Boar {flame, +Blink
                  | Fly rC+ Dex+3}
 93439 | Tomb:3   | Identified the +10 morningstar of Varatzeily {heavy, rElec
                  | rCorr Str+2 Dex+3}
 93447 | Tomb:3   | Identified the ring of the Traitor {rN+ Str+3}
 93581 | Tomb:3   | Got a golden rune of Zot
 94159 | Zot:1    | Entered Level 1 of the Realm of Zot
 94184 | Zot:1    | Received a gift from Okawaru
 94954 | Zot:2    | Received a gift from Okawaru
 95878 | Zot:3    | Received a gift from Okawaru
 97030 | Zot:4    | Received a gift from Okawaru
 97110 | Zot:4    | Identified the amulet of Nawnoasa {Spirit *Corrode rElec
                  | rN+ Int+4}
 98179 | Zot:4    | Received a gift from Okawaru
 98312 | Zot:5    | Entered Level 5 of the Realm of Zot
 98474 | Zot:5    | Identified the +1 robe "Wath" {rPois Will+++ Str-4 Dex-3}
 98823 | Zot:5    | Noticed an orb of fire
 98858 | Zot:5    | Killed an orb of fire
 98868 | Zot:5    | Received a gift from Okawaru
 99156 | Zot:5    | Noticed an orb of fire
 99166 | Zot:5    | Received a gift from Okawaru
 99182 | Zot:5    | Killed an orb of fire
 99206 | Zot:5    | Noticed a dread lich
 99207 | Zot:5    | Noticed an orb of fire
 99230 | Zot:5    | Killed a dread lich
 99241 | Zot:5    | Killed an orb of fire
 99337 | Zot:5    | Noticed an ancient lich
 99348 | Zot:5    | Received a gift from Okawaru
 99359 | Zot:5    | Killed an ancient lich
 99373 | Zot:5    | Noticed a dread lich
 99388 | Zot:5    | Killed a dread lich
 99813 | Zot:5    | Got the Orb of Zot
100687 | D:$      | Escaped with the Orb!

Illustrated notes

Levels and vault maps discovered:
D:1:      eino_arrival_cavern_d, layout_rooms
D:2:      minmay_recursive_quarters, layout_rooms,
          hellmonk_ecumenical_altar_crossroads
D:3:      layout_basic, minmay_joined_circles, uniq_robin, uniq_terence
D:4:      layout_loops_corners, minivault_19
D:5:      layout_cave_pools, mainiacjoe_overflow_alcove_1,
          minmay_temple_entry_wispy, minmay_shop_damaged
D:6:      layout_cave_pools, mainiacjoe_overflow_brackets,
          cheibrodos_sewer_entry_sluice, minmay_pentangle, uniq_jeremiah,
          uniq_sigmund
D:7:      layout_cave_pods, lemuel_round_altar,
          minmay_overflow_temple_star_quad, serial_shops,
          nicolae_shop_behind_doors, nicolae_shop_back_alley_shop, shop,
          nicolae_shop_hallway_stairs
D:8:      layout_basic, mainiacjoe_overflow_two_lobes, nicolae_ru_awakened_eye,
          nzn_hepliaklqana_mist_gate, st_stairs_9, reono_crystal_passage
D:9:      layout_long_grid, dpeg_lair_monsters, ebering_ghost_reflecting_pool
D:10:     layout_rooms, grunt_temple_overflow_holy_war, erik_orc_1
D:11:     layout_loops_ring
D:12:     layout_grid_maze
D:13:     layout_big_octagon, david_vaults_5, serial_shops, kennysheep_mini,
          gammafunk_ghost_fury_of_okawaru, minivault_22, uniq_frances,
          uniq_kirke
D:14:     kennysheep_windowed_halls, layout_basic,
          nicolae_twisty_statue_hallways, gauntlet_entry_generic
D:15:     grunt_enter_depths_hoard, layout_rooms, gammafunk_ghost_mausoleum,
          nrook_guardian_serpent_ordinary
Temple:   hellmonk_temple_micro_hex
Lair:1:   layout_cave_pods, beast_lair_carwin_7
Lair:2:   layout_roguey, guppyfry_snake_entry_garden,
          hellmonk_ghost_happy_afterlife, tgw_fedhas
Lair:3:   layout_loops_ring, minmay_shoals_entry_beasts,
          gammafunk_ghost_berserking_beasts, st_stairs_3, uniq_amaemon
Lair:4:   layout_big_grid, nicolae_slime_entry_field_trip,
          nicolae_quartered_pool_medium
Lair:5:   evilmike_catoblepas_cave, layout_small_grid
Shoals:1: layout_shoals, nicolae_shoals_kraken_intersection
Shoals:2: layout_shoals, nicolae_shoals_kraken_party, uniq_ilsuiw, uniq_nikola,
          uniq_polyphemus
Shoals:3: gammafunk_sealed_arena, layout_shoals
Shoals:4: shoals_end_grunt_garden, layout_shoals, uniq_louise
Snake:1:  layout_basic, serial_shops, nicolae_square_shop, shop,
          nicolae_shop_tiny_glass, gammafunk_ghost_grave, nrook_loot_triangle,
          corexii_hall_statues_i, minmay_shop_star
Snake:2:  layout_gridlike, ebering_ghost_rock_garden, serial_bayou_shore_b,
          grunt_megastairs_2, lemuel_fruit_tree, uniq_jorgrun
Snake:3:  layout_grid_shapes, portal_ice_cave_entry_ice_statue_two, uniq_aizul
Snake:4:  grunt_snake_rune_pools, layout_rooms, basic_altar,
          serial_bayou_ford_a, fake_guardian_serpent_vault
Slime:1:  layout_caves
Slime:2:  layout_caves
Slime:3:  layout_caves
Slime:4:  layout_caves
Slime:5:  slime_pit_nicolae_block_by_block
Orc:1:    layout_diamond_mine, ebering_ghost_disaster_area,
          blackcustard_mines_bat_river
Orc:2:    st_orc_pillars, layout_caves, serial_shops, shop, ebering_ghost_gozag
Elf:1:    elf_arrival_002, layout_loops_corners, serial_shops,
          nicolae_take_the_stairs, hangedman_elven_crosses_minicolossus,
          minmay_the_grid_square_5x5_3x3_mashed
          [minmay_the_grid_square_5x5_corner, minmay_the_grid_square_5x5_c,
          minmay_the_grid_square_5x5_minibox,
          minmay_the_grid_square_5x5_trominoes,
          minmay_the_grid_square_5x5_megaprize_open,
          minmay_the_grid_square_5x5_percent, minmay_the_grid_square_5x5_z,
          minmay_the_grid_square_5x5_half_checkered,
          minmay_the_grid_square_5x5_tri_point], uniq_norris, uniq_azrael
Elf:2:    elven_hall_of_blades_hangedman_original
          [nicolae_blade_entry_area_security], layout_rooms, uniq_donald
Elf:3:    minmay_elf_hall_dome, layout_loops_ring, serial_shops, shop,
          evilmike_spriggan_trog_shrine, uniq_boris
Vaults:1: ebering_ghost_reflecting_pool, v_misc_23,
          nicolae_vaults_oval_intersection, nicolae_vaults_specimen_jars,
          nicolae_vaults_prndl, vaults_room_fours, v_rooms_1,
          nicolae_vaults_storage_closets_2, hangedman_vaults_unwind,
          nicolae_vaults_heart-shaped_vault, nicolae_vaults_gold_heap,
          nicolae_vaults_little_squares_3, nicolae_vaults_trapezoid_4,
          vaults_room_ringed_pool, nicolae_vaults_wine_cellar,
          layout_vaults_omnibox
Vaults:2: gammafunk_ghost_ooze, vaults_dpeg_hooks, nicolae_vaults_circle_grid_a,
          v_alt_pattern_3, vaults_room_boxed, nicolae_vaults_mini_display_case,
          vaults_mumra_minichess, nicolae_vaults_sightless_eye,
          hellmonk_guarded_unrand_gong, hangedman_vaults_stream,
          ontoclasm_vaults_pinch, hangedman_vaults_hat, v_misc_19,
          ontoclasm_vaults_twist, layout_vaults_maze_snakey
Vaults:3: infiniplex_enter_wizlab_water, nicolae_vaults_network_square,
          nicolae_vaults_security_offices_4, minmay_crypt_entry_simple_round,
          v_misc_2, v_misc_3, nicolae_vaults_closet_pinwheel_1,
          vaults_mumra_chevron, v_misc_11, layout_vaults_quadrants,
          serial_shops, shop, uniq_zenata
Vaults:4: vaults_room_fancy_cross, hangedman_vaults_capsules,
          nicolae_vaults_triangles, vaults_standard_mumra_enter_the_diamond,
          v_rooms_5, hangedman_vaults_stretched_pinwheel,
          nicolae_vaults_tangram_2, grunt_vaults_funnel,
          nicolae_vaults_little_squares_5, nicolae_vaults_security_offices_1,
          ontoclasm_vaults_loading_screen, layout_vaults_omnicross,
          enter_trove_6
Vaults:5
Crypt:1:  layout_chaotic_city, grunt_crypt_arrival_guarded_gate
Crypt:2:  layout_catacombs, uniq_bai_suzhen, uniq_margery, uniq_jory
Crypt:3:  grunt_crypt_end_deaths_head, uniq_khufu
Tomb:1
Tomb:2
Tomb:3
Depths:1: layout_gridlike, hangedman_tar_grid_catacomb, minmay_misc_feat_x,
          chequers_serial_rivers_large_b, kennysheep_just_a_vault
Depths:2: hangedman_crystal_crosses_colossus [crystal_crosses_arms_four,
          crystal_crosses_arms_four, crystal_crosses_arms_one], hell_entry,
          pan_entry
Depths:3: nzn_winding_woodlands_medium [nzn_winding_woodlands_5x5_three,
          nzn_winding_woodlands_5x15_river_crossing,
          nzn_winding_woodlands_5x5_cross, nzn_winding_woodlands_5x5_open_star,
          nzn_winding_woodlands_center_diamonds,
          nzn_winding_woodlands_5x5_perimeter,
          nzn_winding_woodlands_5x5_checkerboard,
          nzn_winding_woodlands_5x15_eye,
          nzn_winding_woodlands_5x5_closed_star], layout_basic,
          hangedman_abyss_entry_splay, rand_demon_pan_entry_1, hell_entry,
          minmay_misc_feat_diagonals
Depths:4: grunt_zot_entry_funnels, layout_gridlike, ziggurat_fallback,
          hangedman_abyss_or_decor_jellyfish_corner, hell_entry, pan_entry,
          minmay_shoptagon
Hell
Dis:1:    layout_subdivisions
Dis:2:    layout_subdivisions
Dis:3:    layout_gridville, nicolae_hells_fiendish_ambush
Dis:4:    layout_jigsaw
Dis:5:    layout_subdivisions
Dis:6:    layout_jigsaw, evilmike_ambush [evilmike_ambush_outer_doors,
          evilmike_ambush_inner_pond]
Dis:7:    dis_hangedman
Geh:1:    layout_gehenna_pools_basic, nicolae_geh_fourpack
Geh:2:    layout_gehenna_pools_triple
Geh:3:    layout_gehenna_pools_triple
Geh:4:    layout_gehenna_pools_basic, lemuel_flamethrower_3
Geh:5:    layout_gehenna_pools_triple
Geh:6:    layout_gehenna_pools_basic
Geh:7:    evilmike_geh
Coc:1:    layout_cocytus_delve, serial_ice, serial_ice_i, serial_ice_e,
          serial_ice_o
Coc:2:    layout_ice_bergs
Coc:3:    layout_cocytus_water_paths
Coc:4:    nicolae_hells_giants_party, layout_cocytus_water_paths
Coc:5:    layout_cocytus_delve, serial_ice, serial_ice_b
Coc:6:    layout_cocytus_water_paths
Coc:7:    coc_mu
Tar:1:    layout_grid_maze
Tar:2:    layout_catacombs, nicolae_tar_cuneiform_bread
Tar:4:    layout_grid_maze
Tar:5:    layout_grid_maze, nicolae_tar_cuneiform_bread
Tar:6:    layout_cathedral_of_symmetry, nicolae_hells_seeping_fissure
Tar:7:    tar_mu [tar_mu_maze]
Zot:1:    layout_gridlike, regret_index_zotdec_glowing_original,
          st_single_dragon_hoard_2
Zot:2:    layout_basic
Zot:3:    layout_cathedral_of_symmetry, regret_index_zotdec_plus,
          grunt_megastairs_1
Zot:4:    regret_index_zot_pan_timeshare, layout_cathedral_of_symmetry,
          grunt_ministairs_11
Zot:5:    layout_cellular_growth

Skill      XL: |  1  2  3  4  5  6  7  8  9 10 11 12 13 14 15 16 17 18 19 20 21 22 23 24 25 26 27 |
---------------+----------------------------------------------------------------------------------+-----
Fighting       | 4 5 6 7 10 12 14 15 16 17 18 19 21 26 27 | 27.0
Axes           | 3 4 6 8 10 12 14 15 16 17 18 27 | 27.0
Throwing       | 1 3 4 6 9 12 15 16 27 | 27.0
Invocations    | 2 6 7 9 10 12 13 15 26 | 26.0
Armour         | 6 7 10 15 16 17 18 27 | 27.0
Shields        | 6 8 10 15 17 18 20 21 27 | 27.0
Evocations     | 3 5 6 |  6.0
Shapeshifting  | 2 4 6 8 10 12 14 17 20 22 23 | 23.0
Dodging        | 27 | 27.0

Action                     |  1- 3 |  4- 6 |  7- 9 | 10-12 | 13-15 | 16-18 | 19-21 | 22-24 | 25-27 || total
---------------------------+-------+-------+-------+-------+-------+-------+-------+-------+-------++-------
  Melee: War axe           |    79 |   115 |   280 |   567 |   319 |       |       |       |       ||  1360
         Headbutt          |     6 |    14 |    43 |   126 |   260 |   372 |   354 |   535 |  3563 ||  5273
         Broad axe         |       |       |       |       |   822 |  1436 |  1295 |  1572 |  9697 || 14822
         Unarmed           |       |       |       |       |     4 |       |       |       |       ||     4
  Throw: Dart              |       |       |       |     3 |       |       |       |       |     1 ||     4
         Boomerang         |       |       |       |       |       |    56 |     4 |       |     4 ||    64
         Javelin           |       |       |       |       |       |     2 |    12 |       |    96 ||   110
         Throwing net      |       |       |       |       |       |       |       |       |     3 ||     3
 Invoke: Heroism           |       |       |       |     1 |     3 |     1 |       |     1 |     6 ||    12
         Finesse           |       |       |       |       |     5 |     4 |     3 |     2 |    28 ||    42
         Receive Weapon    |       |       |       |       |     1 |       |       |       |       ||     1
         Duel              |       |       |       |       |     1 |       |       |     1 |     1 ||     3
         Receive Armour    |       |       |       |       |     1 |       |       |       |       ||     1
  Evoke: Wand              |       |       |       |       |     1 |     1 |       |       |     6 ||     8
         Condenser vane    |       |       |       |       |       |     2 |       |       |     1 ||     3
         Gell's gravitambo |       |       |       |       |       |     2 |       |       |       ||     2
    Use: Potion            |       |     1 |     1 |     3 |     5 |     4 |     1 |     1 |       ||    16
         Scroll            |       |       |     8 |     7 |    22 |     9 |     5 |     7 |    30 ||    88
   Stab: Invisible         |       |       |       |       |       |    10 |     8 |    14 |    54 ||    86
         Distracted        |       |       |       |       |       |       |       |       |     5 ||     5
         Sleeping          |       |       |       |       |       |       |       |       |     1 ||     1
 Armour: Scale mail        |    52 |   104 |   206 |   471 |   208 |       |       |       |       ||  1041
         Gold dragon scale |       |       |       |       |   325 |   215 |   198 |   614 |  2241 ||  3593
         Skin              |       |       |       |       |     5 |       |       |       |       ||     5
         Ice dragon scales |       |       |       |       |       |   368 |   235 |       |       ||   603
  Dodge: Dodged            |    24 |    56 |   104 |   199 |   166 |   220 |   144 |   173 |  1675 ||  2761
  Block: Buckler           |    24 |    26 |    46 |   186 |   127 |       |       |       |       ||   409
         Reflection        |       |       |       |     1 |    60 |   132 |    42 |       |       ||   235
         Kite shield       |       |       |       |       |   467 |   325 |       |       |       ||   792
         Tower shield      |       |       |       |       |       |   680 |   800 |   806 |  5858 ||  8144
   Form: Death             |       |       |       |       |       |       |       |       |     1 ||     1

Table legend: (Time is in decaauts)
 A = Elapsed time spent in this place.
 B = Non-inter-level travel time spent in this place.
 C = Inter-level travel time spent in this place.
 D = Time resting spent in this place.
 E = Time spent auto-exploring this place.
 F = Levels seen in this place.
 G = Mean time per level.
                   A        B        C        D        E       F      G
               +--------+--------+--------+--------+--------+-----+--------+
         Total |  92876 |  81992 |  10884 |   4510 |  58607 | 116 |  800.7 |
       Dungeon |  19427 |  15837 |   3590 |   1079 |  12030 |  15 | 1295.1 |
        Temple |    118 |    114 |      4 |    100 |      0 |   1 |  118.0 |
          Lair |   8826 |   7658 |   1168 |    965 |   5719 |   5 | 1765.2 |
        Shoals |   3953 |   3418 |    535 |    170 |   2380 |   4 |  988.2 |
     Snake Pit |   4789 |   4436 |    353 |    652 |   2931 |   4 | 1197.2 |
    Slime Pits |   2919 |   2637 |    282 |      0 |   2127 |   5 |  583.8 |
  Orcish Mines |   2881 |   2331 |    550 |    604 |   1309 |   2 | 1440.5 |
   Elven Halls |   3607 |   3302 |    305 |    164 |   2277 |   3 | 1202.3 |
        Vaults |   6883 |   5821 |   1062 |    182 |   4388 |   5 | 1376.6 |
         Crypt |   3229 |   2764 |    465 |    184 |   1868 |   3 | 1076.3 |
          Tomb |   2850 |   2391 |    459 |    113 |   1465 |   3 |  950.0 |
        Depths |   4175 |   3652 |    523 |      0 |   2751 |   4 | 1043.8 |
          Hell |    601 |    463 |    138 |      0 |    250 |   1 |  601.0 |
           Dis |   2867 |   2692 |    175 |      0 |   1881 |   7 |  409.6 |
       Gehenna |   3313 |   3122 |    191 |      0 |   2320 |   7 |  473.3 |
       Cocytus |   2377 |   2264 |    113 |      0 |   1605 |   7 |  339.6 |
      Tartarus |   3432 |   3037 |    395 |      2 |   2381 |   6 |  572.0 |
           Zot |   5158 |   4588 |    570 |      0 |   3446 |   5 | 1031.6 |
         Abyss |    367 |    367 |      0 |     15 |      0 |   2 |  183.5 |
   Pandemonium |   8757 |   8757 |      0 |    163 |   6076 |  19 |  460.9 |
         Trove |     90 |     90 |      0 |      0 |     56 |   1 |   90.0 |
         Sewer |    278 |    278 |      0 |      0 |    191 |   1 |  278.0 |
      Ice Cave |   1006 |   1006 |      0 |     69 |    572 |   1 | 1006.0 |
        Wizlab |    455 |    455 |      0 |     32 |    280 |   1 |  455.0 |
      Gauntlet |    439 |    439 |      0 |      0 |    300 |   1 |  439.0 |
         Arena |     67 |     67 |      0 |     14 |      0 |   3 |   22.3 |
               +--------+--------+--------+--------+--------+-----+--------+

Top non-repeatable levels by time:
  Lair:1: 2447 daAuts
   Tar:7: 2437 daAuts
  Lair:5: 1874 daAuts
     D:8: 1819 daAuts
  Lair:2: 1817 daAuts
   Orc:2: 1810 daAuts
Vaults:3: 1803 daAuts
    D:14: 1753 daAuts
    D:13: 1744 daAuts
   Dis:7: 1744 daAuts
   Geh:7: 1632 daAuts
    D:12: 1629 daAuts
   Elf:1: 1493 daAuts
    D:11: 1486 daAuts
     D:7: 1485 daAuts
